 Dungeon Crawl Stone Soup version 0.30-a0-1155-gf8af5b4991 (webtiles) character file.

Game seed: 5621123506718634627

44592851 glosham the Archmage (level 27, 273/273 HPs)
             Began as a Meteoran Hexslinger on Apr 21, 2023.
             Was the Champion of Ashenzari.
             Escaped with the Orb
             ... and 15 runes on Apr 24, 2023!
             The game lasted 21:09:18 (32735 turns).

glosham the Archmage (Meteoran Hexslinger)         Turns: 32735, Time: 21:09:19

Health: 273/273    AC: 26    Str: 17    XL:     27
Magic:  37/65      EV: 42    Int: 33    God:    Ashenzari [******]
Gold:   9528       SH: 14    Dex: 24    Spells: 2/80 levels left

rFire   + + +        a - staff of fire "Revealing Yoke" (curse) {rF+ Str+3 Dex+4 SInv Stlth+, Cun, Comp} (curse)
rCold   + + +        Z - +2 buckler "Share My Ordeal" {Cun, Elem} (curse)
rNeg    + + +        X - +3 robe "Bound Visionary" {rF+ rC+ Archmagi, Range, Evo} (curse)
rPois   ∞            T - +3 hat of Pondering {ponderous, Will+ MP+10 Int+5, Alch, Elem} (curse)
rElec   +            Y - scarf of the Circumscribed Sun {rC+ rF+, Range, Self} (curse)
rCorr   .            U - +2 pair of gloves of Ashenzari's Moon {rElec rC- Regen+ Dex+4, Self, Evo} (curse)
SInv    +            V - +3 pair of mountain boots {steadfast, rC+, Bglg, Range} (curse)
Will    +++++        z - amulet of Ashenzari's Omen {RegenMP, Comp, Elem} (curse)
Stlth   +            A - ring of the Mage {Wiz Archmagi, Melee, Fort} (curse)
HPRegen 1.45/turn    B - ring "Mantic Disappointment" {EV+5, Bglg, Elem} (curse)
MPRegen 0.79/turn

%: clarity, wizardry (x1), archmagi
@: lich-form, glowing, studying 6 skills, slow
A: draining attack, torment immunity, no potions, sense surroundings 3,
otherworldly, glowing, explore regen, iridescent scales 1
0: Orb of Zot
}: 15/15 runes: decaying, slimy, silver, golden, iron, obsidian, icy, bone,
abyssal, demonic, glowing, magical, fiery, dark, gossamer
a: End Transformation, Renounce Religion, Shatter the Chains


You escaped.
You worshipped Ashenzari.
Ashenzari was exalted by your worship.
You were an undead lich.
You visited 17 branches of the dungeon, and saw 87 of its levels.
You visited Pandemonium 2 times, and saw 19 of its levels.
You visited the Abyss 2 times.
You completed 1 ziggurat, and saw 27 of its levels.
You also visited: Sewer, Ice Cave and Wizlab.

You collected 13715 gold pieces.
You spent 4187 gold pieces at shops.

Inventory:

Missiles
 b - 23 silver javelins (quivered)
Armour
 J - the -2 hat of the Alchemist {rElec rPois rF+ rC+ rN+ Will+ rMut rCorr}
   (You found it on level 7 of Tartarus)

   rF:        It protects you from fire.
   rC:        It protects you from cold.
   rElec:     It insulates you from electricity.
   rPois:     It protects you from poison.
   rN:        It protects you from negative energy.
   rCorr:     It protects you from acid and corrosion.
   rMut:      It protects you from mutation.
   Will:      It increases your willpower.
 R - the +2 cloak of the Thief {*Fog Slay-2 SInv Stlth+}
   (You found it on level 26 of a ziggurat)

   *Fog:      It may release a thick cloud of smoke when the wearer is hurt.
   Slay:      It affects your accuracy & damage with ranged weapons and melee
   (-2).
   SInv:      It lets you see invisible.
   Stlth:     It makes you more stealthy.
 S - a +1 kite shield of cold resistance
 T - the cursed +3 hat of Pondering (worn) {ponderous, Will+ MP+10 Int+5, Alch, Elem}
   (You took it off Gastronok on level 9 of the Dungeon)

   Int:       It affects your intelligence (+5).
   MP:        It affects your magic capacity (+10).
   Will:      It increases your willpower.
   It has a curse which improves the following skills: Alchemy: Poison Magic and
   Transmutations.
   Elements:  Fire Magic, Ice Magic, Air Magic and Earth Magic.
 U - the cursed +2 pair of gloves of Ashenzari's Moon (worn) {rElec rC- Regen+ Dex+4, Self, Evo}
   (You found it on level 24 of a ziggurat)

   Dex:       It affects your dexterity (+4).
   rC:        It makes you vulnerable to cold.
   rElec:     It insulates you from electricity.
   Regen:     It increases your rate of health regeneration.
   It has a curse which improves the following skills: Introspection: Fighting
   and Spellcasting.
   Evocations: Evocations.
 V - the cursed +3 pair of mountain boots (worn) {steadfast, rC+, Bglg, Range}
   (You found it on level 7 of Tartarus)

   Steadfast: It prevents involuntary movement, except for blinking,
   teleportation, or banishment.
   rC:        It protects you from cold.
   It has a curse which improves the following skills: Beguiling: Conjurations,
   Hexes and Translocations.
   Ranged Combat: Ranged Weapons and Throwing.
 X - the cursed +3 robe "Bound Visionary" (worn) {rF+ rC+ Archmagi, Range, Evo}
   (You found it on level 3 of the Vaults)

   rF:        It protects you from fire.
   rC:        It protects you from cold.
   Archmagi:  It increases the power of your magical spells.
   It has a curse which improves the following skills: Ranged Combat: Ranged
   Weapons and Throwing.
   Evocations: Evocations.
 Y - the cursed scarf of the Circumscribed Sun (worn) {rC+ rF+, Range, Self}
   (You found it on level 4 of the Spider Nest)

   It has a curse which improves the following skills: Ranged Combat: Ranged
   Weapons and Throwing.
   Introspection: Fighting and Spellcasting.
 Z - the cursed +2 buckler "Share My Ordeal" (worn) {Cun, Elem}
   (You took it off a gnoll sergeant on level 7 of the Dungeon)

   It has a curse which improves the following skills: Cunning: Dodging and
   Stealth.
   Elements:  Fire Magic, Ice Magic, Air Magic and Earth Magic.
Magical Staves
 a - the cursed staff of fire "Revealing Yoke" (weapon) {rF+ Str+3 Dex+4 SInv Stlth+, Cun, Comp}
   (You found it on level 21 of a ziggurat)

   [staff of fire]

   Base accuracy: +5 Base damage: 5 Base attack delay: 1.2 This weapon's minimum
   attack delay (0.6) is reached at skill level 12.
   Str:       It affects your strength (+3).
   Dex:       It affects your dexterity (+4).
   rF:        It protects you from fire.
   SInv:      It lets you see invisible.
   Stlth:     It makes you more stealthy.
   It falls into the 'Staves' category.
   It is a one-handed weapon.
   It has a curse which improves the following skills: Cunning: Dodging and
   Stealth.
   Companions: Summonings and Necromancy.
 I - the staff of fire "Acwinwai" {Drain +Blink Fly rF+ Will+}
   (You found it on level 7 of Cocytus)

   [staff of fire]

   Base accuracy: +5 Base damage: 5 Base attack delay: 1.2 This weapon's minimum
   attack delay (0.6) is reached at skill level 12.
   rF:        It protects you from fire.
   Fly:       It grants you flight.
   +Blink:    It lets you blink.
   Drain:     It drains your maximum health when unequipped.
   Will:      It increases your willpower.
   It falls into the 'Staves' category.
   It is a one-handed weapon.
 K - the staff of earth "Boed Mots" {rC++ Will+}
   (You found it in Pandemonium)

   [staff of earth]

   Base accuracy: +5 Base damage: 5 Base attack delay: 1.2 This weapon's minimum
   attack delay (0.6) is reached at skill level 12.
   rC:        It greatly protects you from cold.
   Will:      It increases your willpower.
   It falls into the 'Staves' category.
   It is a one-handed weapon.
Jewellery
 z - the cursed amulet of Ashenzari's Omen (around neck) {RegenMP, Comp, Elem}
   (You found it on level 6 of the Dungeon)

   [amulet of magic regeneration]

   It increases your rate of magic regeneration.
   It has a curse which improves the following skills: Companions: Summonings
   and Necromancy.
   Elements:  Fire Magic, Ice Magic, Air Magic and Earth Magic.
 A - the cursed ring of the Mage (left hand) {Wiz Archmagi, Melee, Fort}
   (You found it on level 12 of a ziggurat)

   [ring of wizardry]

   It improves your spell success rate.
   Archmagi:  It increases the power of your magical spells.
   It has a curse which improves the following skills: Melee Combat: Short
   Blades, Long Blades, Axes, Maces & Flails, Polearms, Staves and Unarmed
   Combat.
   Fortitude: Armour and Shields.
 B - the cursed ring "Mantic Disappointment" (right hand) {EV+5, Bglg, Elem}
   (You found it on level 2 of the Spider Nest)

   [ring of evasion]

   EV:        It affects your evasion (+5).
   It has a curse which improves the following skills: Beguiling: Conjurations,
   Hexes and Translocations.
   Elements:  Fire Magic, Ice Magic, Air Magic and Earth Magic.
 G - the amulet "Tolasiaduo" {RegenMP Str+2}
   (You found it on level 25 of a ziggurat)

   [amulet of magic regeneration]

   It increases your rate of magic regeneration.
   Str:       It affects your strength (+2).
 H - the ring of Zoexusm {rN+ Int+3 Dex+6}
   (You found it on level 5 of the Vaults)

   [ring of dexterity]

   Int:       It affects your intelligence (+3).
   Dex:       It affects your dexterity (+6).
   rN:        It protects you from negative energy.
 N - the ring of Naeji {Wiz rF+ rC+}
   (You found it on level 15 of a ziggurat)

   [ring of wizardry]

   It improves your spell success rate.
   rF:        It protects you from fire.
   rC:        It protects you from cold.
 O - the ring of Zigrodee {Fire Fly Will+ rCorr}
   (You found it in a wizard's laboratory)

   [ring of fire]

   It enhances your fire magic.
   rF:        It protects you from fire.
   rC:        It makes you vulnerable to cold.
   Fly:       It grants you flight.
   rCorr:     It protects you from acid and corrosion.
   Will:      It increases your willpower.
 P - the amulet of Ififiwel {Acrobat rF+ rC++ MP+9}
   (You found it on level 3 of the Realm of Zot)

   [amulet of the acrobat]

   It increases your evasion while moving and waiting.
   rF:        It protects you from fire.
   rC:        It greatly protects you from cold.
   MP:        It affects your magic capacity (+9).
 Q - the macabre finger necklace {Finger+ rN+}
   (You found it on level 22 of a ziggurat)

   [amulet of nothing]

   Finger+:   It enables you to equip an extra ring.
   rN:        It protects you from negative energy.
Wands
 f - a wand of flame (203)
 g - a wand of digging (43)
 i - a wand of iceblast (162)
 j - a wand of quicksilver (73)
Scrolls
 h - 12 scrolls of immolation
 k - 31 scrolls of teleportation
 m - 8 scrolls of fog
 n - 22 scrolls of fear
 o - 2 scrolls of magic mapping
 p - 17 scrolls of enchant armour
 F - 29 scrolls of enchant weapon
Potions
 q - 3 potions of ambrosia
 r - 32 potions of curing
 s - 17 potions of heal wounds
 t - 16 potions of magic
 u - 7 potions of resistance
 v - 9 potions of haste
 w - 8 potions of brilliance
 x - 11 potions of cancellation
 y - 8 potions of might
 C - 13 potions of flight
 D - 26 potions of mutation {!q}
 E - 11 potions of attraction
Miscellaneous
 c - 2 +1 figurines of a ziggurat
 d - a tin of tremorstones (2/2)
 e - a lightning rod (4/4)


   Skills:
 - Level 23.8(27) Fighting
 - Level 9.5(12.0) Staves
 - Level 2.1(5.5) Ranged Weapons
 - Level 23.8(27) Throwing
 + Level 18.0(20.2) Armour
 - Level 25.2(27) Dodging
 + Level 24.3(26.3) Shields
 O Level 27 Spellcasting
 - Level 24.9(27) Conjurations
 - Level 3.6(6.8) Hexes
 - Level 23.8(27) Necromancy
 - Level 21.7(24.9) Translocations
 - Level 11.9(14.3) Transmutations
 - Level 22.4(27) Fire Magic
 - Level 21.8(27) Ice Magic
 - Level 21.7(27) Air Magic
 - Level 21.7(27) Earth Magic
 - Level 23.8(27) Evocations


You had 2 spell levels left.
You knew the following spells:

 Your Spells              Type           Power      Damage    Failure   Level
a - Apportation           Tloc           100%       N/A       0%          1
g - Passage of Golubria   Tloc           100%       N/A       0%          4
i - Ignition              Fire           100%       3d25      1%          8
m - Sublimation of Blood  Necr           100%       N/A       0%          2
n - Necromutation         Tmut/Necr      93%        N/A       1%          8
o - Ozocubu's Refrigerat  Ice            86%        4d26      0%          7
s - Shatter               Erth           86%        3d62*     1%          9
t - Polar Vortex          Ice            86%        N/A       1%          9
v - Vhi's Electric Charg  Tloc/Air       100%       N/A       0%          3
w - Fire Storm            Conj/Fire      100%       8d25      1%          9
z - Chain Lightning       Conj/Air       86%        3d115     1%          9
Y - Death's Door          Necr           100%       N/A       1%          9

Your spell library contained the following spells:

 Spells                   Type           Power      Damage    Failure   Level
 Beastly Appendage        Tmut           100%       N/A       0%          1
 Foxfire                  Conj/Fire      100%       2x1d9     0%          1
 Freeze                   Ice            100%       1d10      0%          1
 Kiss of Death            Conj/Necr      100%       2d13      0%          1
 Magic Dart               Conj           100%       1d8       0%          1
 Necrotise                Necr           100%       1d9       0%          1
 Sandblast                Erth           100%       2d20      0%          1
 Shock                    Conj/Air       100%       1d9       0%          1
 Blink                    Tloc           100%       N/A       0%          2
 Cigotuvi's Dreadful Rot  Necr/Pois/Air  100%       N/A       0%          2
 Ensorcelled Hibernation  Hex/Ice        100%       N/A       0%          2
 Lesser Beckoning         Tloc           100%       N/A       0%          2
 Momentum Strike          Conj/Tloc      100%       3d10      0%          2
 Passwall                 Tmut/Erth      100%       N/A       0%          2
 Poisonous Vapours        Pois/Air       100%       N/A       0%          2
 Scorch                   Fire           100%       2d9       0%          2
 Searing Ray              Conj           100%       2d8       0%          2
 Static Discharge         Conj/Air       100%       2-7/arc   0%          2
 Wereblood                Tmut           100%       N/A       0%          2
 Slow                     Hex            100%       N/A       1%          1
 Summon Small Mammal      Summ           100%       N/A       1%          1
 Call Imp                 Summ           100%       N/A       1%          2
 Dazzling Flash           Conj/Hex       100%       N/A       0%          3
 Frozen Ramparts          Ice            100%       1d16      0%          3
 Gell's Gravitas          Tloc           100%       N/A       0%          3
 Hailstorm                Conj/Ice       100%       3d20      0%          3
 Ignite Poison            Fire/Tmut/Pois 100%       N/A       0%          3
 Inner Flame              Hex/Fire       100%       N/A       0%          3
 Mephitic Cloud           Conj/Pois/Air  100%       N/A       0%          3
 Ozocubu's Armour         Ice            100%       N/A       0%          3
 Portal Projectile        Hex/Tloc       100%       N/A       0%          3
 Stone Arrow              Conj/Erth      100%       3d13      0%          3
 Swiftness                Air            100%       N/A       0%          3
 Teleport Other           Tloc           100%       N/A       0%          3
 Vampiric Draining        Necr           100%       2d13      0%          3
 Volatile Blastmotes      Fire/Tloc      100%       2d18      0%          3
 Airstrike                Air            86%        2d(13-29) 0%          4
 Anguish                  Hex/Necr       88%        N/A       0%          4
 Animate Armour           Summ/Erth      100%       N/A       0%          4
 Animate Dead             Necr           100%       N/A       0%          4
 Dispel Undead            Necr           100%       3d31      0%          4
 Flame Wave               Conj/Fire      100%       2d21      0%          4
 Fulminant Prism          Conj/Hex       75%        3d31      0%          4
 Ice Form                 Ice/Tmut       100%       N/A       0%          4
 Iskenderun's Mystic Bla  Conj/Tloc      100%       2d19      0%          4
 Leda's Liquefaction      Hex/Erth       75%        N/A       0%          4
 Petrify                  Tmut/Erth      100%       N/A       0%          4
 Sticky Flame             Conj/Fire      100%       2d11      0%          4
 Summon Ice Beast         Ice/Summ       100%       N/A       0%          4
 Summon Lightning Spire   Summ/Air       100%       N/A       0%          4
 Agony                    Necr           100%       N/A       0%          5
 Arcjolt                  Conj/Air       86%        1d96      0%          5
 Borgnjor's Vile Clutch   Necr/Erth      100%       N/A       0%          5
 Fireball                 Conj/Fire      100%       3d36      0%          5
 Freezing Cloud           Conj/Ice/Air   86%        6-21      0%          5
 Irradiate                Conj/Tmut      79%        3d38      0%          5
 Iskenderun's Battlesphe  Conj           100%       2d15      0%          5
 Lee's Rapid Deconstruct  Erth           86%        3d38*     0%          5
 Metabolic Englaciation   Hex/Ice        75%        N/A       0%          5
 Silence                  Hex/Air        75%        N/A       0%          5
 Conjure Ball Lightning   Conj/Air       86%        3x3d32    0%          6
 Death Channel            Necr           100%       N/A       0%          6
 Dispersal                Tloc           84%        N/A       0%          6
 Iron Shot                Conj/Erth      86%        9d16      0%          6
 Plasma Beam              Fire/Air       100%       2x1d131   0%          6
 Simulacrum               Ice/Necr       100%       N/A       0%          6
 Starburst                Conj/Fire      100%       6d25      0%          6
 Statue Form              Tmut/Erth      100%       N/A       0%          6
 Orb of Destruction       Conj           86%        9d19      0%          7
 Call Canine Familiar     Summ           82%        N/A       1%          3
 Confusing Touch          Hex            100%       N/A       1%          3
 Spider Form              Tmut/Pois      100%       N/A       1%          3
 Summon Guardian Golem    Hex/Summ       100%       N/A       1%          3
 Tukima's Dance           Hex            100%       N/A       1%          3
 Cause Fear               Hex            58%        N/A       1%          4
 Olgreb's Toxic Radiance  Pois           81%        N/A       1%          4
 Alistair's Intoxication  Tmut/Pois      78%        N/A       1%          5
 Blade Hands              Tmut           71%        N/A       1%          5
 Summon Forest            Summ/Tloc      69%        N/A       1%          5
 Summon Mana Viper        Hex/Summ       100%       N/A       1%          5
 Yara's Violent Unravell  Hex/Tmut       65%        3d24      1%          5
 Eringya's Noxious Bog    Tmut/Pois      59%        N/A       1%          6
 Dragon Form              Tmut           71%        N/A       1%          7
 Haunt                    Necr/Summ      83%        N/A       1%          7
 Malign Gateway           Summ/Tloc      69%        N/A       1%          7
 Spellforged Servitor     Conj/Summ      70%        N/A       1%          7
 Borgnjor's Revivificati  Necr           100%       N/A       1%          8
 Disjunction              Tloc           84%        N/A       1%          8
 Infestation              Necr           100%       N/A       1%          8
 Lehudib's Crystal Spear  Conj/Erth      86%        10d19     1%          8
 Maxwell's Capacitive Co  Air            86%        ∞         1%          8
 Enfeeble                 Hex            58%        N/A       11%         7
 Summon Cactus Giant      Summ           41%        N/A       26%         6
 Discord                  Hex            58%        N/A       58%         8
 Monstrous Menagerie      Summ           41%        N/A       77%         7
 Summon Hydra             Summ           41%        N/A       77%         7
 Summon Horrible Things   Summ           41%        N/A       100%        8
 Dragon's Call            Summ           41%        N/A       100%        9


Dungeon Overview and Level Annotations

Branches:
Dungeon (15/15)            Temple (0/1) D:7            Lair (5/5) D:9
  Swamp (4/4) Lair:3       Spider (4/4) Lair:2        Slime (5/5) Lair:4
    Orc (2/2) D:11            Elf (3/3) Orc:2        Vaults (5/5) D:14
  Crypt (3/3) Vaults:3       Tomb (3/3) Crypt:3      Depths (4/4) D:15
   Hell (visited)             Dis (7/7) Hell            Geh (7/7) Hell
    Coc (7/7) Hell            Tar (7/7) Hell            Zot (5/5) Depths:4
  Sewer (visited)           IceCv (visited)          WizLab (visited)

Altars:
Ashenzari
Cheibriados
Fedhas
Gozag
Kikubaaqudgha
Makhleb
Okawaru
Qazlal
Trog
Uskayaw
Vehumet
Wu Jian
Xom
Yredelemnul
The Shining One
Jiyva
Lugonu

Shops:
D:9 *   D:10 [   D:12 ?   Orc:1 **   Orc:2 [[*(   Elf:1 ?   Elf:2 =   Elf:3 *
Depths:4 =

Portals:
Hell: Depths:1 Depths:2 Depths:3 Depths:4
Abyss: Depths:1 Depths:2 Depths:3
Pandemonium: Depths:1 Depths:2 Depths:3


Innate Abilities, Weirdness & Mutations

You are an undead lich.
Your unarmed attacks are suffused with negative energy.
You are immune to unholy pain and torment.
Your necromantic spells are more powerful.
You cannot drink.
You are immune to poison.
You passively map a large area around you.
You are easily found by Zot.
You glow in the dark.
You regain HP and MP as you explore.
You are partially covered in iridescent scales. (AC +2)


Message History

The dungeon rumbles!
Boris is severely damaged.
You kill the Orb Guardian!
Ka-crash!
Boris casts a spell.
Boris flickers and vanishes for a moment.
Casting: Shatter (mildly dangerous; 1% risk of failure)
Confirm with . or Enter, or press ? or * to list all spells.
You feel a strong surge of power!
The dungeon rumbles!
You destroy Boris!
Ka-crash!
Your base Armour skill increases to level 18!
Unknown command.
Unknown command.
Blink to where?
Press: ? - help, Dir - move target
As you read the scroll of blinking, it crumbles to dust.
You climb upwards.
There is a stone staircase leading down here.
Blink to where?
Press: ? - help, Dir - move target
As you read the scroll of blinking, it crumbles to dust.
You climb upwards.
A reaper comes into view. It is wielding a +1 scythe of flaming.
There is a stone staircase leading down here.
Unknown command.
Casting: Shatter (mildly dangerous; 1% risk of failure)
Confirm with . or Enter, or press ? or * to list all spells.
You feel a strong surge of power! Lightning arcs from your hands!
The bolt of lightning hits the reaper!!!!
You kill the reaper!
Blink to where?
Press: ? - help, Dir - move target
As you read the scroll of blinking, it crumbles to dust.
Blink to where?
Press: ? - help, Dir - move target
As you read the scroll of blinking, it crumbles to dust.
There is a staircase leading out of the dungeon here.
You have escaped!

........#########.#######.#####
........###### ∩#.##..........#
...........#####.###.....####.###
.........##..###.######..# #...#
.........# *#..~~##.# #.## #####
......#### #.##~~..####.# ......#
###.###..##.# ..#'###
###.#####...## ..#....#
###.#L######..# .##....# ####.###
####..# .##....# ####.## ###..#
.##....#*## #.# ##.## .......#*
#.########..#
.......######...........#
.........)..§...#####...#
......................#.#
........................#


There were no monsters in sight!

Vanquished Creatures
  Cerebov (Pan)
  Antaeus (Coc:7)
  Asmodeus (Geh:7)
  the Royal Jelly (Slime:5)
  Dissolution (Slime:4)
  10 pandemonium lords
  Gloorx Vloq (Pan)
  Ereshkigal (Tar:7)
  Lom Lobon (Pan)
  Mnoleg (Pan)
  the Serpent of Hell (Dis:7)
  10 dread liches
  Dispater (Dis:7)
  14 ancient liches
  Mennas (Depths:3)
  6 orbs of fire
  4 juggernauts
  The ghost of Eteduell the Slayer, a legendary HuCK of Xom (Zot:4)
  Mara (Spider:4)
  Josephina (Depths:4)
  51 royal mummies
  Boris (twice) (Tomb:3 D:3)
  Margery (Vaults:2)
  Vv (Depths:2)
  7 Killer Klowns
  4 shard shrikes
  4 curse toes
  Geryon (Hell)
  28 caustic shrikes
  14 golden dragons
  5 profane servitors
  3 pearl dragons (Zig:8)
  21 bone dragons
  Arachne (Spider:3)
  A shard shrike zombie (Tar:7)
  8 doom hounds
  21 Brimstone Fiends
  A spectral shard shrike (Tar:2)
  8 electric golems
  15 hellephants
  17 Tzitzimimeh
  11 tainted leviathans
  7 iron giants
  13 liches
  16 tentacled monstrosities
  Rupert (D:15)
  20 Hell Sentinels
  26 Orb Guardians
  30 Ice Fiends
  23 searing wretches
  4 shard shrike skeletons
  3 deep elf blademasters
  Asterion (Spider:3)
  8 quicksilver dragons
  6 titans
  A walking divine tome (Zig:20)
  3 deep elf master archers
  51 ancient champions
  15 Executioners
  8 tentacled starspawn
  5 death cobs
  20 acid blobs
  Gastronok (D:9)
  Frances (Swamp:1)
  An eldritch tentacle (Pan)
  9 sphinxes
  2 thorn hunters (Swamp:3)
  The ghost of jrbgvjkr the Tortoise, an adept MiFi of Okawaru (Spider:2)
  Kirke (Spider:1)
  8 tengu reavers
  16 storm dragons
  4 nagarajas (Zig:14)
  11 revenants
  8 shadow dragons
  8 demonspawn warmongers
  14 draconian monks
  4 fenstrider witches
  2 daevas (Zig:8)
  15 rockslimes
  13 narguns
  A fenstrider witch (shapeshifter) (Zig:11)
  25 fire giants
  6 azure jellies
  13 draconian knights
  A fire giant (shapeshifter) (Zig:11)
  11 quicksilver elementals
  16 draconian scorchers
  10 deep elf sorcerers
  The ghost of Veosymih the Peltast, an adept GrFi of Gozag (Swamp:2)
  16 vault wardens
  10 iron dragons
  19 emperor scorpions
  9 frost giants
  21 ghost moths
  A spectral juggernaut (Tar:7)
  10 shard shrike simulacra
  A caustic shrike zombie (Depths:2)
  9 curse skulls
  49 balrugs
  15 draconian shifters
  6 deep elf elementalists (Elf:3)
  14 draconian stormcallers
  An angel (Zig:8)
  A spriggan defender (Depths:2)
  9 demonspawn corrupters
  24 very ugly things
  6 orc warlords
  9 green draconians
  7 quicksilver oozes
  17 reapers
  17 stone giants
  8 cacodemons
  5 ghouls
  14 ironbound preservers
  14 draconian annihilators
  2 juggernaut zombies
  2 juggernaut skeletons
  43 war gargoyles
  5 eleionomae
  15 vampire knights
  10 demonspawn blood saints
  A caustic shrike skeleton (Abyss:3)
  An ophan (Zig:8)
  2 broodmothers
  10 lorocyprocas
  15 elemental wellsprings
  8 demonspawn black suns
  6 ironbound thunderhulks
  7 putrid mouths
  11 yellow draconians
  18 bennus
  16 dire elephants
  15 purple draconians
  10 deep elf annihilators
  11 deep elf demonologists
  12 starcursed masses
  9 red draconians
  17 white draconians
  13 black draconians
  3 bunyips
  14 spark wasps
  14 blizzard demons
  12 wendigos
  14 iron golems
  20 green deaths
  7 merfolk javelineers (Zig:21)
  18 eidola
  6 jiangshi (Crypt:2)
  16 ettins
  2 merfolk impalers (Zig:21)
  4 crystal guardians
  9 deep elf death magi
  14 entropy weavers
  48 mummy priests
  2 deep elf high priests (Elf:3)
  A quicksilver dragon zombie (Zig:26)
  An entropy weaver (shapeshifter) (D:15)
  3 spriggan zombies
  9 fire dragons
  9 yaktaur captains
  29 vault guards
  6 ice dragons
  7 ironbound frosthearts
  4 peacekeepers
  4 shambling mangroves
  12 great orbs of eyes
  6 hell beasts
  33 hydras
  5 rakshasas
  3 spriggan skeletons
  6 ghost crabs
  14 salamander tyrants
  7 caustic shrike simulacra
  3 quicksilver dragon skeletons
  11 jorogumos
  7 juggernaut simulacra
  A spriggan air mage (Depths:3)
  3 alligators
  An ogre mage (D:15)
  3 anacondas
  4 death knights (Crypt:2)
  8 two-headed ogres
  34 death scarabs
  22 dancing weapons
  4 merfolk aquamancers (Zig:21)
  9 boulder beetles
  6 catoblepae
  23 centaur warriors
  10 tengu warriors
  18 stokers
  2 satyrs (Abyss:3)
  The ghost of wpisznazwe the Destroyer, a journeyman TeCj of Vehumet (Orc:1)
  5 radroaches
  9 deep troll shamans
  12 orc high priests
  3 spriggan berserkers
  19 death yaks
  A spectral storm dragon (Crypt:2)
  7 naga warriors
  9 thrashing horrors
  42 hell hogs
  26 deep elf knights
  10 hell knights
  15 vampire magi
  A spectral dire elephant (Tar:4)
  2 storm dragon zombies
  34 sun demons
  11 deep troll earth magi
  2 shock serpents
  A shock serpent (shapeshifter) (Zig:11)
  3 naga sharpshooters
  10 spriggans
  20 soul eaters
  7 iron trolls
  A titan skeleton (Zig:26)
  13 wretched stars
  A fire crab (Lair:5)
  27 skeletal warriors
  6 golden dragon zombies
  6 sixfirhies (Pan)
  9 crystal echidnas
  A spatial maelstrom (Zig:20)
  2 sun moths
  34 shadow wraiths
  31 large abominations
  3 anaconda zombies
  8 spriggan druids
  A storm dragon skeleton (Depths:2)
  2 spark wasp zombies
  10 pharaoh ants
  A spectral anaconda (Tar:2)
  A bunyip zombie (Crypt:3)
  4 death drakes (Zig:23)
  3 goliath frogs
  A tengu zombie (Hell)
  12 sea snakes (Zig:21)
  A sea snake (shapeshifter) (D:13)
  13 shadow demons
  6 spriggan simulacra
  3 cherubim (Zig:8)
  4 quicksilver dragon simulacra
  46 deep trolls
  20 deep elf archers
  2 golden dragon skeletons
  11 phantasmal warriors
  4 glowing orange brains
  9 wizards
  12 flayed ghosts
  16 orb spiders
  8 bog bodies
  17 swamp dragons
  2 bunyip skeletons
  2 naga ritualists (Zig:14)
  A steelbarb worm (shapeshifter) (Zig:11)
  4 orange crystal statues
  16 orc knights
  3 obsidian statues
  15 ironbound convokers
  A sphinx zombie (Hell)
  3 shadow dragon zombies (Zig:26)
  A shadow dragon skeleton (Depths:1)
  10 necromancers
  A mana viper (Zig:14)
  26 harpies
  3 iron dragon zombies
  26 wolf spiders
  10 lindwurms
  A stone giant zombie (Hell)
  A wolf spider (shapeshifter) (Zig:11)
  37 deep elf pyromancers
  2 oklob plants (Lair:4)
  A goliath frog zombie (Crypt:1)
  14 steelbarb worms
  5 fire giant zombies
  9 cyclopes
  36 deep elf zephyrmancers
  38 ugly things
  3 orc sorcerers
  27 moths of wrath
  12 shining eyes
  A moth of wrath (shapeshifter) (Zig:11)
  3 manticores
  7 will-o-the-wisps
  2 spectral centaurs (Tar:2)
  8 salamanders
  4 worldbinders
  10 vault sentinels
  4 centaur zombies
  16 black mambas
  10 water nymphs (Zig:21)
  A water nymph (shapeshifter) (Elf:3)
  6 ice statues
  11 elephants
  A guardian serpent (Zig:14)
  20 demonic crawlers
  4 merfolk sirens (Zig:21)
  A torpor snail (shapeshifter) (Vaults:5)
  16 cane toads
  2 titan simulacra
  18 smoke demons
  6 naga magi
  5 rust devils
  11 molten gargoyles
  16 torpor snails
  5 eyes of devastation
  An elephant slug zombie (Crypt:2)
  A storm dragon simulacrum (Depths:4)
  10 orange demons
  7 apocalypse crabs
  10 gargoyles
  An unseen horror (Abyss:3)
  7 efreet
  Psyche (D:8)
  23 yaktaurs
  13 ice devils
  21 hellions
  3 anaconda simulacra
  9 komodo dragons
  A spectral naga (Tar:7)
  10 freezing wraiths
  A yaktaur (shapeshifter) (D:14)
  A golden dragon simulacrum (Coc:7)
  A bunyip simulacrum (Crypt:2)
  68 guardian mummies
  15 tormentors
  2 sea snake zombies (Hell)
  3 tengu conjurers
  13 rime drakes
  3 dire elephant skeletons
  4 iron giant simulacra
  A yellow draconian skeleton (Crypt:3)
  4 hydra zombies
  2 spectral harpies (Tar:1)
  2 harpy zombies
  A merfolk (shapeshifter) (Zig:11)
  An iron troll skeleton (Crypt:1)
  7 red devils
  7 ancient zymes
  3 bloated husks
  5 meliai
  5 polar bears
  5 trolls
  12 tyrant leeches
  A tengu simulacrum (Depths:4)
  2 shadow dragon simulacra
  29 tarantellas
  Prince Ribbit (D:9)
  34 hornets
  26 merfolk (Zig:21)
  7 hellwings
  4 raiju
  A wolf spider simulacrum (D:14)
  10 blink frogs
  2 wind drakes (shapeshifter)
  A harpy skeleton (Crypt:3)
  17 dream sheep
  6 snapping turtles (Zig:21)
  An ettin zombie (Hell)
  2 iron dragon simulacra
  2 culicivoras (shapeshifter)
  55 flying skulls
  2 stone giant simulacra
  84 slime creatures
  17 jumping spiders
  An alligator zombie (Hell)
  2 air elementals (Zig:12)
  An ettin skeleton (Depths:1)
  8 small abominations
  A spriggan (shapeshifter) (Abyss:3)
  A vampire (D:11)
  16 ynoxinuls
  A satyr skeleton (Crypt:2)
  15 water elementals
  7 wraiths
  15 culicivoras
  5 shadows
  3 wyverns (Lair:5)
  7 fire elementals
  19 ushabtiu
  A black mamba skeleton (Hell)
  4 hogs (Spider:1)
  48 yaks
  10 dire elephant simulacra
  2 alligator snapping turtle simulacra
  2 humans (Lair:3)
  3 fire bats (D:10)
  A golden eye (Zig:20)
  66 redbacks
  2 steam dragons
  4 basilisks
  27 chaos spawn
  3 wargs
  7 vampire mosquitoes
  25 neqoxecs
  A redback (shapeshifter) (Zig:11)
  Menkaure (D:7)
  15 harpy simulacra
  17 swamp worms
  3 nagas (Zig:14)
  2 floating eyes
  4 acid dragons
  A human zombie (Hell)
  3 hydra simulacra
  15 water moccasins
  3 glowing shapeshifter skeletons
  9 hell hounds
  3 naga skeletons
  A floating eye (shapeshifter) (Zig:11)
  A faun skeleton (Crypt:2)
  A demonspawn skeleton (Crypt:2)
  4 ettin simulacra
  A sky beast (D:8)
  A swamp drake (Swamp:1)
  An ice beast (D:6)
  3 black bears
  An ice dragon simulacrum (Coc:1)
  54 orc warriors
  6 boggarts
  11 ogres
  32 wolves
  A phantom (D:6)
  7 centaurs
  2 kobold brigands
  12 bullfrogs
  2 gnoll sergeants
  13 earth elementals
  3 naga simulacra
  2 glowing shapeshifter simulacra
  6 scorpions (Spider:1)
  23 killer bees
  3 electric eels
  2 howler monkeys
  12 crimson imps
  5 lava snakes (Lair:5)
  A black bear zombie (Crypt:3)
  3 hounds
  A jelly (D:6)
  34 orc priests
  2 sleepcaps
  5 iguanas
  Ijyb (D:5)
  20 orc wizards
  2 boggart skeletons (D:15)
  4 hell rats (Hell)
  2 lightning spires (WizLab)
  A deep dwarf skeleton (Crypt:2)
  96 mummies
  9 gnolls
  8 river rats
  9 adders
  A swamp drake skeleton (Crypt:1)
  3 shadow imps
  4 white imps (D:7)
  An ufetubus (Abyss:3)
  3 worms
  2 dart slugs
  82 orcs
  11 ball pythons
  11 endoplasms
  7 giant cockroaches
  4 goblins
  6 hobgoblins
  4 quokkas
  2 ball python zombies
  4 bats
  4 frilled lizards
  A goblin skeleton (D:6)
  A goblin zombie (D:6)
  3 hobgoblin zombies (D:6)
  26 kobolds
  A kobold skeleton (D:6)
  A kobold zombie (D:6)
  2 orc skeletons
  3 orc zombies
  29 rats
  3 bushes
  14 creeping infernos
  103 fire vortices
  5 fungi
  A lurking horror (Abyss:3)
  2 plants (Depths:2)
  A spectral weapon (Spider:3)
  3 starspawn tentacles
  23 withered plants (Crypt:3)
4698 creatures vanquished.

Vanquished Creatures (collateral kills)
  A steelbarb worm (Zig:19)
  A wolf spider (Zig:19)
  A red devil (Zig:17)
  A culicivora (Zig:24)
  A yak (D:8)
  A scorpion (D:6)
6 creatures vanquished.

Vanquished Creatures (others)
  A golden dragon (Zig:23)
  Nikola (Vaults:3)
  A Brimstone Fiend (Geh:5)
  A hydra (Swamp:2)
  An alligator (Zig:23)
  A bog body (Zig:23)
  A deep elf zephyrmancer (Elf:1)
  2 tengu simulacra (Depths:4)
  2 humans (Spider:1)
  A yak (D:8)
  A ynoxinul (Pan)
  An ice beast (D:6)
  A scorpion (D:6)
  A dart slug (D:5)
  2 orcs (D:8)
  2 creeping infernos
  57 fire vortices
  6 foxfires
  65 fungi
  91 plants
  6 starspawn tentacles
  7 withered plants (Crypt:3)
252 creatures vanquished.

Grand Total: 4956 creatures vanquished

Notes
Turn   | Place    | Note
-------+----------+-------------------------------------------
     0 | D:1      | glosham the Meteoran Hexslinger began the quest for the
                  | Orb.
     0 | D:1      | Reached XP level 1. HP: 16/16 MP: 3/3
    33 | D:2      | Reached skill level 2 in Spellcasting
    36 | D:2      | Reached XP level 2. HP: 23/23 MP: 6/6
    64 | D:2      | Found a broken altar of Ashenzari.
    69 | D:2      | Reached skill level 3 in Spellcasting
    69 | D:2      | Reached XP level 3. HP: 28/28 MP: 6/8
    73 | D:2      | Learned a level 3 spell: Stone Arrow
    84 | D:2      | Became a worshipper of Ashenzari the Shackled
   173 | D:3      | Found an iron altar of Okawaru.
   238 | D:3      | Reached skill level 1 in Conjurations
   258 | D:3      | Reached skill level 1 in Earth Magic
   275 | D:3      | Reached XP level 4. HP: 24/35 MP: 10/10
   367 | D:2      | Learned a level 2 spell: Passwall
   618 | D:1      | Identified a scroll of acquirement
   619 | D:1      | Acquired Ozocubu's Autobiography
   625 | D:1      | Learned a level 3 spell: Ozocubu's Armour
   649 | D:1      | Found a faded altar of an unknown god.
   736 | D:1      | Reached skill level 1 in Ice Magic
   751 | D:1      | Reached XP level 5. HP: 40/40 MP: 11/11
   764 | D:1      | Reached * piety under Ashenzari
   998 | D:3      | Found a blossoming altar of Fedhas.
  1186 | D:4      | Reached skill level 2 in Ice Magic
  1209 | D:4      | Found a glowing drain.
  1218 | Sewer    | Entered a sewer
  1255 | Sewer    | Reached skill level 3 in Ice Magic
  1309 | Sewer    | Reached XP level 6. HP: 43/47 MP: 10/12
  1364 | Sewer    | Reached skill level 4 in Ice Magic
  1525 | Sewer    | Reached skill level 5 in Ice Magic
  1525 | Sewer    | Reached XP level 7. HP: 51/52 MP: 10/13
  1609 | D:4      | Reached ** piety under Ashenzari
  1662 | D:4      | Reached skill level 6 in Ice Magic
  1714 | D:4      | Upgraded the game from 0.30-a0-1114-gd936c97349 to
                  | 0.30-a0-1122-g620db56ad9
  1854 | D:5      | Entered Level 5 of the Dungeon
  1914 | D:3      | Found a shimmering altar of Xom.
  1926 | D:3      | Reached skill level 7 in Ice Magic
  2006 | D:3      | Reached skill level 4 in Spellcasting
  2006 | D:3      | Reached XP level 8. HP: 51/59 MP: 4/15
  2028 | D:3      | Found a bloodstained altar of Trog.
  2102 | D:6      | Found a large runed translucent door.
  2102 | D:6      | Found a large runed translucent door.
  2105 | D:6      | Found a large runed translucent door.
  2105 | D:6      | Found a large runed translucent door.
  2107 | D:6      | Noticed a wraith
  2107 | D:6      | Noticed a yak
  2118 | D:5      | Noticed Ijyb
  2127 | D:6      | Learned a level 3 spell: Mephitic Cloud
  2147 | D:5      | Killed Ijyb
  2226 | D:5      | Found a snail-covered altar of Cheibriados.
  2275 | D:5      | Found an ancient bone altar of Kikubaaqudgha.
  2337 | D:5      | Reached skill level 8 in Ice Magic
  2514 | D:6      | Reached skill level 9 in Ice Magic
  2536 | D:6      | Reached *** piety under Ashenzari
  2727 | D:7      | Found a staircase to the Ecumenical Temple.
  2757 | D:7      | Gained mutation: You passively map the area around you.
                  | [Meteoran growth]
  2757 | D:7      | Reached XP level 9. HP: 64/64 MP: 3/17
  2771 | D:7      | Found a broken altar of Ashenzari.
  2780 | D:7      | Found a burning altar of Makhleb.
  2786 | D:7      | Reached skill level 5 in Spellcasting
  2883 | D:7      | Noticed an ice devil
  2947 | D:6      | Found a glowing golden altar of the Shining One.
  3346 | D:7      | Reached skill level 6 in Spellcasting
  3353 | D:7      | Reached skill level 10 in Ice Magic
  3382 | D:7      | Noticed Menkaure
  3389 | D:7      | Killed Menkaure
  3398 | D:7      | Learned a level 7 spell: Ozocubu's Refrigeration
  3427 | D:7      | Identified the cursed +0 pair of gloves "Tethered With Me"
                  | {Comp, Elem} (You found it on level 1 of the Dungeon)
  3427 | D:7      | Identified the cursed +1 robe "Shattered Desperation"
                  | {Will+, Fort, Elem} (You took it off an orc wizard on level
                  | 7 of the Dungeon)
  3473 | D:8      | Identified the +0 robe of Oblivion {Str+2 Dex+3}
  3502 | D:7      | Acquired a staff of cold
  3614 | D:7      | Reached skill level 7 in Spellcasting
  3931 | D:9      | Found a staircase to the Lair.
  3948 | D:9      | Reached XP level 10. HP: 71/71 MP: 13/22
  3972 | D:9      | Reached skill level 8 in Spellcasting
  3972 | D:9      | Reached skill level 11 in Ice Magic
  4032 | D:9      | Noticed Prince Ribbit
  4038 | D:9      | Killed Prince Ribbit
  4056 | D:8      | Noticed Psyche
  4060 | D:8      | Killed Psyche
  4061 | D:8      | Reached skill level 9 in Spellcasting
  4125 | D:8      | Reached skill level 12 in Ice Magic
  4186 | D:9      | Noticed Gastronok
  4208 | D:9      | Killed Gastronok
  4209 | D:9      | Reached skill level 10 in Spellcasting
  4209 | D:9      | Reached XP level 11. HP: 73/77 MP: 10/26
  4263 | D:9      | Reached skill level 11 in Spellcasting
  4321 | D:9      | Reached skill level 13 in Ice Magic
  4338 | D:10     | Entered Level 10 of the Dungeon
  4352 | D:10     | Reached skill level 12 in Spellcasting
  4357 | D:10     | Noticed a deep elf pyromancer
  4358 | D:10     | Noticed a smoke demon
  4360 | D:10     | Killed a smoke demon
  4360 | D:10     | Killed a deep elf pyromancer
  4361 | D:10     | Reached skill level 14 in Ice Magic
  4481 | D:9      | Found Faerei Waohi's General Store.
  4486 | D:9      | Bought a wand of flame (9) for 88 gold pieces
  4486 | D:9      | Bought a potion of curing for 42 gold pieces
  4486 | D:9      | Bought 2 potions of lignification for 84 gold pieces
  4509 | D:9      | Reached skill level 13 in Spellcasting
  4549 | D:9      | Learned a level 9 spell: Polar Vortex
  4669 | D:6      | Reached XP level 12. HP: 83/83 MP: 29/30
  4733 | D:6      | Identified the ring of Ephemeral Luck {rN+ Dex+4 SInv}
  4749 | D:6      | Identified the staff of death "Niwuotue" {rPois rN+ Will++
                  | rCorr Int-3}
  4877 | D:7      | Found the +8 frozen axe "Frostbite" {freeze, freezing
                  | cloud, *Noise Fly rC+}
  5015 | D:10     | Identified the +1 flail of Checks and Balances {venom, rC-
                  | Dex+6}
  5134 | D:10     | Reached **** piety under Ashenzari
  5171 | D:10     | Found a transporter.
  5306 | D:10     | Reached skill level 15 in Ice Magic
  5477 | D:10     | Found a transporter.
  5517 | D:10     | Found Kiaffi Lici's Antique Armour Shop.
  5521 | D:10     | Bought a twisted robe for 165 gold pieces
  5521 | D:10     | Identified the +4 robe of the Distant Future {Str+4 Slay+2}
                  | (You bought it in a shop on level 10 of the Dungeon)
  5667 | D:11     | Reached skill level 14 in Spellcasting
  5773 | D:12     | Noticed a deep elf pyromancer
  5783 | D:12     | Killed a deep elf pyromancer
  5800 | D:12     | Noticed a deep elf pyromancer
  5802 | D:12     | Killed a deep elf pyromancer
  5913 | D:13     | You fall into a shaft and drop 1 floor!
  5935 | D:14     | Noticed a centaur warrior
  5938 | D:14     | Killed a centaur warrior
  5939 | D:14     | Reached skill level 15 in Spellcasting
  5940 | D:14     | Noticed a deep elf pyromancer
  5942 | D:14     | Killed a deep elf pyromancer
  5943 | D:14     | Reached XP level 13. HP: 61/89 MP: 10/33
  5998 | D:14     | Reached skill level 16 in Ice Magic
  5998 | D:14     | Noticed a four-headed hydra
  6042 | D:13     | Noticed a boulder beetle
  6044 | D:13     | Killed a boulder beetle
  6054 | D:13     | Noticed a two-headed ogre
  6058 | D:13     | Killed a two-headed ogre
  6102 | D:14     | Noticed a centaur warrior
  6105 | D:14     | Noticed an ironbound preserver
  6106 | D:14     | Found a gate to the Vaults.
  6114 | D:14     | Killed a centaur warrior
  6116 | D:14     | Killed an ironbound preserver
  6145 | D:14     | Reached skill level 16 in Spellcasting
  6253 | D:15     | Entered Level 15 of the Dungeon
  6253 | D:15     | Noticed a boulder beetle
  6255 | D:15     | a polar bear changed into an entropy weaver
  6255 | D:15     | Noticed an entropy weaver (shapeshifter)
  6256 | D:15     | Killed an entropy weaver
  6257 | D:15     | Killed a boulder beetle
  6259 | D:15     | Reached skill level 17 in Ice Magic
  6339 | D:15     | Noticed Rupert
  6342 | D:15     | Killed Rupert
  6343 | D:15     | Reached skill level 17 in Spellcasting
  6355 | D:15     | Noticed a two-headed ogre
  6355 | D:15     | Noticed a two-headed ogre
  6356 | D:15     | Noticed a two-headed ogre
  6357 | D:15     | Noticed an ogre mage
  6357 | D:15     | Noticed a two-headed ogre
  6358 | D:15     | Noticed a two-headed ogre
  6359 | D:15     | Killed a two-headed ogre
  6359 | D:15     | Killed a two-headed ogre
  6360 | D:15     | Reached XP level 14. HP: 89/99 MP: 38/38
  6362 | D:15     | Reached skill level 18 in Ice Magic
  6503 | D:15     | Reached skill level 18 in Spellcasting
  6654 | D:15     | Found a staircase to the Depths.
  6710 | D:14     | Noticed a fire dragon
  6713 | D:14     | Killed a fire dragon
  6714 | D:14     | Reached skill level 19 in Ice Magic
  6715 | D:14     | Reached skill level 19 in Spellcasting
  6756 | D:14     | Noticed an ettin
  6760 | D:14     | Reached XP level 15. HP: 75/104 MP: 40/40
  7180 | D:11     | Found a staircase to the Orcish Mines.
  7315 | D:12     | Found Inaahaek's Magic Scroll Shop.
  7318 | D:12     | Bought a scroll of blinking for 120 gold pieces
  7318 | D:12     | Bought a scroll of fear for 64 gold pieces
  7318 | D:12     | Bought a scroll of teleportation for 48 gold pieces
  7803 | Orc:1    | Entered Level 1 of the Orcish Mines
  7812 | Orc:1    | Noticed an orc warlord
  7820 | Orc:1    | Killed an orc warlord
  7839 | Orc:2    | Entered Level 2 of the Orcish Mines
  7839 | Orc:2    | Found a staircase to the Elven Halls.
  7843 | Orc:2    | Reached skill level 20 in Spellcasting
  7935 | Orc:1    | Found a runed translucent gate.
  7936 | Orc:1    | Found a runed translucent gate.
  7936 | Orc:1    | Found an opulent altar of Gozag.
  7938 | Orc:1    | Found a runed translucent gate.
  7962 | Orc:1    | Found Xoblivak's Assorted Antiques.
  7963 | Orc:1    | Found Kufif's Assorted Antiques.
  7963 | Orc:1    | Noticed wpisznazwe's ghost (journeyman TeCj)
  7972 | Orc:1    | Killed wpisznazwe's ghost
  7973 | Orc:1    | Reached skill level 20 in Ice Magic
  7981 | Orc:1    | Bought a scroll of magic mapping for 202 gold pieces
  7984 | Orc:1    | Bought a potion of flight for 54 gold pieces
  7984 | Orc:1    | Bought a potion of curing for 54 gold pieces
  7984 | Orc:1    | Bought a shiny orb for 216 gold pieces
  8120 | Orc:2    | Found Doun's Antique Armour Shoppe.
  8120 | Orc:2    | Found Jixugup's Antique Armour Emporium.
  8124 | Orc:2    | Found Lexkun's Weapon Emporium.
  8124 | Orc:2    | Found Lyempoewk's Assorted Antiques.
  8129 | Orc:2    | Reached XP level 16. HP: 84/111 MP: 41/43
  8161 | Orc:2    | Bought a potion of attraction for 78 gold pieces
  8161 | Orc:2    | Bought a large tourmaline ring for 130 gold pieces
  8165 | Orc:2    | Bought a runed cloak for 255 gold pieces
  8170 | Orc:2    | Reached ***** piety under Ashenzari
  8310 | Orc:2    | Reached skill level 3 in Dodging
  8390 | Orc:2    | Found a frozen archway.
  8414 | IceCv    | Entered an ice cave
  8431 | IceCv    | Reached skill level 21 in Spellcasting
  8460 | IceCv    | Reached skill level 4 in Dodging
  8596 | IceCv    | Reached skill level 5 in Dodging
  8632 | IceCv    | Noticed a frost giant
  8636 | IceCv    | Killed a frost giant
  8637 | IceCv    | Reached skill level 6 in Dodging
  8676 | IceCv    | Learned a level 4 spell: Ice Form
  8680 | IceCv    | Learned a level 3 spell: Hailstorm
  8801 | Orc:2    | Bought a pair of runed gloves for 247 gold pieces
  8907 | Lair:1   | Entered Level 1 of the Lair of Beasts
  9421 | Lair:2   | Found a hole to the Spider Nest.
  9483 | Lair:3   | Found a staircase to the Swamp.
  9547 | Lair:2   | Reached skill level 7 in Dodging
  9825 | Lair:3   | Found a hide-covered altar of Uskayaw.
  9825 | Lair:3   | Found an ornate altar of the Wu Jian Council.
  9904 | Lair:3   | Reached skill level 8 in Dodging
  9904 | Lair:3   | Reached XP level 17. HP: 80/121 MP: 33/47
  9910 | Lair:3   | Reached skill level 21 in Ice Magic
  9993 | Lair:3   | Reached skill level 22 in Spellcasting
 10168 | Lair:4   | Found a staircase to the Slime Pits.
 10181 | Lair:4   | Reached skill level 9 in Dodging
 10243 | Lair:4   | Found a viscous altar of Jiyva.
 10337 | Lair:5   | Entered Level 5 of the Lair of Beasts
 10714 | Lair:5   | Reached skill level 10 in Dodging
 10769 | Lair:5   | Found a large runed translucent door.
 10769 | Lair:5   | Found a large runed translucent door.
 11046 | Spider:1 | Entered Level 1 of the Spider Nest
 11069 | Spider:2 | Reached skill level 11 in Dodging
 11094 | Spider:2 | Gained mutation: You passively map a large area around you.
                  | [Meteoran growth]
 11094 | Spider:2 | Reached XP level 18. HP: 126/127 MP: 1/49
 11109 | Spider:2 | Reached skill level 23 in Spellcasting
 11173 | Spider:3 | Noticed Arachne
 11180 | Spider:3 | Killed Arachne
 11219 | Spider:3 | Noticed Asterion
 11226 | Spider:3 | Killed Asterion
 11227 | Spider:3 | Reached skill level 12 in Dodging
 11261 | Spider:3 | Identified the ring "Imeroamm" {rPois rC+ Str+4 Dex-5}
 11397 | Spider:3 | Identified a jumping spider corpse
 11433 | Spider:3 | Reached skill level 13 in Dodging
 11470 | Spider:4 | Entered Level 4 of the Spider Nest
 11509 | Spider:4 | Identified a jumping spider corpse
 11544 | Spider:4 | Reached skill level 14 in Dodging
 11655 | Spider:4 | Identified the +5 battleaxe "Murmur" {antimagic, rElec
                  | Dex+2}
 11792 | Spider:4 | Noticed Mara
 11794 | Spider:4 | Noticed glosham's illusion
 11800 | Spider:4 | Killed Mara
 11867 | Spider:4 | Reached skill level 15 in Dodging
 11885 | Spider:4 | Identified a jumping spider corpse
 11982 | Spider:4 | Reached skill level 16 in Dodging
 11982 | Spider:4 | Reached XP level 19. HP: 131/133 MP: 35/51
 12015 | Spider:4 | Got a gossamer rune of Zot
 12114 | Spider:1 | Noticed Kirke
 12117 | Spider:1 | Killed Kirke
 12134 | Spider:1 | Reached skill level 17 in Dodging
 12267 | Spider:2 | Identified a jumping spider corpse
 12275 | Spider:2 | Found a runed translucent gate.
 12288 | Spider:2 | Found a runed translucent gate.
 12288 | Spider:2 | Found a runed translucent gate.
 12289 | Spider:2 | Noticed jrbgvjkr's ghost (adept MiFi)
 12290 | Spider:2 | Identified the Volume of Spectres and the Congregation
 12298 | Spider:2 | Killed jrbgvjkr's ghost
 12484 | Spider:1 | Reached skill level 18 in Dodging
 12562 | Spider:1 | Identified the cursed +2 pair of gloves of the Shackled
                  | Pantheism {Stlth+, Alch, Self} (You bought it in a shop on
                  | level 2 of the Orcish Mines)
 12562 | Spider:1 | Identified the cursed +2 pair of boots of the All-Knowing
                  | {Fort, Cun} (You found it on level 3 of the Lair of Beasts)
 12562 | Spider:1 | Identified the cursed +2 buckler "Share My Ordeal" {Cun,
                  | Elem} (You took it off a gnoll sergeant on level 7 of the
                  | Dungeon)
 12818 | Swamp:1  | Entered Level 1 of the Swamp
 12872 | Swamp:1  | Noticed Frances
 12876 | Swamp:1  | Killed Frances
 12929 | Swamp:1  | Reached skill level 2 in Fighting
 13016 | Swamp:1  | Reached ****** piety under Ashenzari
 13071 | Swamp:3  | Reached skill level 3 in Fighting
 13106 | Swamp:4  | Entered Level 4 of the Swamp
 13266 | Swamp:3  | Reached skill level 4 in Fighting
 13266 | Swamp:3  | Reached skill level 19 in Dodging
 13366 | Swamp:3  | Identified the +1 great mace of Blood {freeze, Will- Str+4
                  | Stlth+}
 13367 | Swamp:3  | Found a transporter.
 13379 | Swamp:3  | Found a transporter.
 13486 | Swamp:3  | Reached XP level 20. HP: 97/158 MP: 52/52
 13487 | Swamp:3  | Reached skill level 5 in Fighting
 13709 | Swamp:4  | Reached skill level 6 in Fighting
 13771 | Swamp:4  | Reached skill level 20 in Dodging
 13882 | Swamp:4  | Reached skill level 7 in Fighting
 13909 | Swamp:4  | Got a decaying rune of Zot
 14142 | Swamp:2  | Upgraded the game from 0.30-a0-1122-g620db56ad9 to
                  | 0.30-a0-1124-g6e8f0f562f
 14178 | Swamp:2  | Reached skill level 21 in Dodging
 14268 | Swamp:2  | Reached skill level 8 in Fighting
 14287 | Swamp:2  | Found a runed translucent gate.
 14288 | Swamp:2  | Found a runed translucent gate.
 14289 | Swamp:2  | Found a runed translucent gate.
 14289 | Swamp:2  | Noticed Veosymih's ghost (adept GrFi)
 14300 | Swamp:2  | Killed Veosymih's ghost
 14526 | Orc:2    | Bought a potion of curing for 78 gold pieces
 14526 | Orc:2    | Bought a scroll of teleportation for 78 gold pieces
 14526 | Orc:2    | Bought a potion of curing for 78 gold pieces
 14526 | Orc:2    | Bought a scroll of blinking for 195 gold pieces
 14588 | Elf:1    | Entered Level 1 of the Elven Halls
 14597 | Elf:1    | Reached XP level 21. HP: 165/178 MP: 35/53
 14613 | Elf:1    | Found a radiant altar of Vehumet.
 14879 | Elf:2    | Reached skill level 9 in Fighting
 14881 | Elf:2    | Reached skill level 22 in Dodging
 15136 | Elf:1    | Found Upugiomo's Magic Scroll Emporium.
 15138 | Elf:1    | Bought a scroll of fog for 48 gold pieces
 15138 | Elf:1    | Bought a scroll of teleportation for 36 gold pieces
 15138 | Elf:1    | Bought a scroll of enchant armour for 90 gold pieces
 15138 | Elf:1    | Bought a scroll of acquirement for 624 gold pieces
 15138 | Elf:1    | Acquired a book of Alchemy
 15143 | Elf:1    | Learned a level 2 spell: Sublimation of Blood
 15203 | Elf:2    | Found a runed translucent gate.
 15203 | Elf:2    | Found a runed translucent gate.
 15203 | Elf:2    | Found a runed translucent gate.
 15240 | Elf:2    | Reached skill level 10 in Fighting
 15279 | Elf:3    | Entered Level 3 of the Elven Halls
 15279 | Elf:3    | Found Bukinuh's Assorted Antiques.
 15303 | Elf:3    | Bought a scroll of blinking for 255 gold pieces
 15343 | Elf:3    | Reached skill level 23 in Dodging
 15398 | Elf:3    | Reached skill level 11 in Fighting
 15398 | Elf:3    | Reached XP level 22. HP: 148/190 MP: 54/54
 15456 | Elf:3    | Identified the +12 dagger "Offehear" {flame, rElec rPois
                  | rCorr Dex-3}
 15478 | Elf:3    | Identified the Secrets of the Union
 15483 | Elf:3    | Identified the +3 scale mail of Tomoboq {Fly Dex-5 Slay+3
                  | SInv}
 15489 | Elf:3    | Identified the +3 demon blade of Jihagg {freeze, rN++ rCorr
                  | Stlth+}
 15497 | Elf:3    | Found the +4 moon troll leather armour {Spirit, Regen++
                  | MP+5}
 15898 | Elf:3    | Reached skill level 12 in Fighting
 16066 | Elf:2    | Found Tovvoen's Jewellery Shop.
 16131 | Elf:2    | Reached skill level 13 in Fighting
 16179 | Elf:2    | Glimpsed the power of Zot.
 16225 | Elf:2    | Glimpsed the power of Zot.
 16340 | Vaults:1 | Entered Level 1 of the Vaults
 16369 | Vaults:1 | Reached skill level 1 in Armour
 16371 | Vaults:1 | Reached skill level 2 in Armour
 16414 | Vaults:1 | Reached skill level 3 in Armour
 16431 | Vaults:2 | Reached skill level 4 in Armour
 16454 | Vaults:1 | Reached skill level 5 in Armour
 16479 | Vaults:1 | Reached skill level 6 in Armour
 16517 | Vaults:2 | Reached skill level 7 in Armour
 16637 | Vaults:2 | Reached skill level 1 in Shields
 16700 | Vaults:2 | Reached skill level 2 in Shields
 16721 | Vaults:1 | Reached skill level 3 in Shields
 16736 | Vaults:1 | Reached skill level 4 in Shields
 16833 | Vaults:2 | Reached skill level 5 in Shields
 16836 | Vaults:2 | Reached XP level 23. HP: 209/209 MP: 55/55
 16854 | Vaults:2 | Reached skill level 6 in Shields
 16855 | Vaults:2 | Reached skill level 7 in Shields
 16901 | Vaults:2 | Noticed Margery
 16909 | Vaults:2 | Killed Margery
 16910 | Vaults:2 | Reached skill level 8 in Shields
 16981 | Vaults:3 | Reached skill level 1 in Staves
 16997 | Vaults:3 | Noticed Nikola
 17010 | Vaults:3 | Killed Nikola
 17011 | Vaults:3 | Reached skill level 2 in Staves
 17016 | Vaults:3 | Reached skill level 3 in Staves
 17093 | Vaults:3 | Reached skill level 4 in Staves
 17104 | Vaults:3 | Reached skill level 5 in Staves
 17222 | Vaults:2 | Reached skill level 6 in Staves
 17274 | Vaults:2 | Reached skill level 7 in Staves
 17299 | Vaults:2 | Reached skill level 8 in Staves
 17360 | Vaults:2 | Reached skill level 9 in Staves
 17416 | Vaults:2 | Reached skill level 2 in Earth Magic
 17417 | Vaults:2 | Reached skill level 3 in Earth Magic
 17484 | Vaults:1 | Reached skill level 4 in Earth Magic
 17518 | Vaults:1 | Reached skill level 5 in Earth Magic
 17544 | Vaults:1 | Reached skill level 6 in Earth Magic
 17550 | Vaults:1 | Reached skill level 7 in Earth Magic
 17679 | Vaults:1 | Reached skill level 8 in Earth Magic
 17679 | Vaults:1 | Reached XP level 24. HP: 216/216 MP: 55/55
 17971 | Vaults:3 | Reached skill level 10 in Earth Magic
 17971 | Vaults:3 | Reached XP level 25. HP: 224/224 MP: 55/55
 17991 | Vaults:3 | Reached skill level 2 in Conjurations
 18015 | Vaults:3 | Reached skill level 11 in Earth Magic
 18081 | Vaults:3 | Found a radiant altar of Vehumet.
 18081 | Vaults:3 | Identified the +3 robe of the Apothecary {rF+ rC+ Archmagi}
 18081 | Vaults:3 | Identified the +1 robe of the Screaming Gods {+Blink rPois
                  | rN++ Regen+}
 18099 | Vaults:3 | Learned a level 6 spell: Iron Shot
 18116 | Vaults:3 | Found the +0 mask of the Dragon {Will+ Slay+3 SInv}
 18290 | Vaults:4 | Learned a level 1 spell: Apportation
 18339 | Vaults:4 | Reached skill level 3 in Conjurations
 18364 | Vaults:5 | Entered Level 5 of the Vaults
 18368 | Vaults:5 | Reached skill level 4 in Conjurations
 18368 | Vaults:5 | Reached skill level 12 in Earth Magic
 18369 | Vaults:5 | Reached skill level 5 in Conjurations
 18370 | Vaults:5 | Reached skill level 6 in Conjurations
 18391 | Vaults:5 | Reached skill level 13 in Earth Magic
 18398 | Vaults:5 | Noticed an ancient lich
 18407 | Vaults:5 | Killed an ancient lich
 18408 | Vaults:5 | Reached skill level 7 in Conjurations
 18430 | Vaults:5 | Got a silver rune of Zot
 18445 | Vaults:5 | Reached skill level 14 in Earth Magic
 18502 | Vaults:5 | Found Leghas's Distillery.
 18514 | Vaults:5 | Bought a potion of mutation for 176 gold pieces
 18514 | Vaults:5 | Bought 2 potions of brilliance for 176 gold pieces
 18514 | Vaults:5 | Bought a potion of mutation for 176 gold pieces
 18514 | Vaults:5 | Bought a potion of attraction for 66 gold pieces
 18514 | Vaults:5 | Bought a potion of brilliance for 88 gold pieces
 18514 | Vaults:5 | Bought a potion of heal wounds for 110 gold pieces
 18514 | Vaults:5 | Bought a potion of curing for 66 gold pieces
 18552 | Vaults:5 | Reached skill level 15 in Earth Magic
 18555 | Vaults:5 | Identified the +3 fire dragon scales "Biroi" {rF++ rC-
                  | Will++ Str-2 Dex+4}
 18561 | Vaults:5 | Identified Sif Muna's Disquisition on Ironbound
                  | Metamorphosis
 18618 | Vaults:5 | Identified the Almanac of Helpful Ectoplasm
 18619 | Vaults:5 | Noticed a dread lich
 18623 | Vaults:5 | Killed a dread lich
 18624 | Vaults:5 | Reached XP level 26. HP: 229/229 MP: 49/55
 18670 | Vaults:5 | Noticed an ancient lich
 18673 | Vaults:5 | Killed an ancient lich
 18674 | Vaults:5 | Reached skill level 16 in Earth Magic
 18681 | Vaults:5 | Identified the +7 dagger of Fima {drain, rN++ Str+4}
 18742 | Vaults:5 | Noticed a dread lich
 18749 | Vaults:5 | Killed a dread lich
 18750 | Vaults:5 | Reached skill level 17 in Earth Magic
 18797 | Vaults:5 | Identified the +11 plate armour "Hiq Onk" {rN+ Dex+4
                  | Slay+3}
 18806 | Vaults:5 | Identified the staff of fire "Ingeqok" {rPois rF+ Str+3
                  | Stlth-}
 18806 | Vaults:5 | Identified the ring of Zoexusm {rN+ Int+3 Dex+6}
 18807 | Vaults:5 | Identified the ring "Qolu" {rN+ Str+3 Slay+3}
 18856 | Vaults:5 | Reached skill level 18 in Earth Magic
 18998 | D:14     | Learned a level 8 spell: Lehudib's Crystal Spear
 19160 | Slime:1  | Entered Level 1 of the Pits of Slime
 19195 | Slime:4  | Noticed Dissolution
 19199 | Slime:4  | Killed Dissolution
 19200 | Slime:4  | Reached skill level 19 in Earth Magic
 19219 | Slime:5  | Entered Level 5 of the Pits of Slime
 19359 | Slime:5  | Reached skill level 20 in Earth Magic
 19414 | Slime:5  | Noticed the Royal Jelly
 19423 | Slime:5  | Killed the Royal Jelly
 19424 | Slime:5  | Reached XP level 27. HP: 199/238 MP: 32/55
 19439 | Slime:5  | Identified the Spellbook of Iron Gusts
 19439 | Slime:5  | Found the +13 scythe of Curses {drain, curses, Drain}
 19452 | Slime:5  | Identified the staff of earth "Ofiriyg" {rPois Will- Int+5
                  | SInv}
 19466 | Slime:5  | Got a slimy rune of Zot
 19482 | Slime:5  | Identified the +0 morningstar of Uti Jeu {flame, Int+3
                  | Stlth+}
 19482 | Slime:5  | Identified the +4 leather armour "Jaen" {Rampage rCorr
                  | Int+8}
 19535 | Slime:5  | Learned a level 8 spell: Ignition
 19574 | Slime:2  | Reached skill level 1 in Fire Magic
 19578 | Slime:2  | Reached skill level 2 in Fire Magic
 19783 | Depths:1 | Entered Level 1 of the Depths
 19812 | Depths:1 | Reached skill level 3 in Fire Magic
 19815 | Depths:1 | Reached skill level 4 in Fire Magic
 19866 | Depths:1 | Reached skill level 5 in Fire Magic
 19867 | Depths:1 | Found a magical portal.
 19888 | WizLab   | Entered Maxwell's Workshop
 19920 | WizLab   | Reached skill level 6 in Fire Magic
 19925 | WizLab   | Identified the ring of Doguosi Xowa {Fire Dex+5}
 19925 | WizLab   | Identified the ring of Zigrodee {Fire Fly Will+ rCorr}
 19966 | WizLab   | Reached skill level 7 in Fire Magic
 20011 | WizLab   | Reached skill level 8 in Fire Magic
 20083 | WizLab   | Identified the +0 ring mail "Juinlo" {Str+8 Dex+2 Stlth-}
 20084 | WizLab   | Identified the +6 quarterstaff of Honour {holy, Str+4}
 20084 | WizLab   | Identified the amulet of the Commoners {Spirit Str+5 Dex+2}
 20085 | WizLab   | Reached skill level 9 in Fire Magic
 20206 | Depths:1 | Found a gateway to Hell.
 20215 | Hell     | Entered the Vestibule of Hell
 20215 | Hell     | Noticed Geryon
 20219 | Hell     | Killed Geryon
 20220 | Hell     | Reached skill level 10 in Fire Magic
 20304 | Depths:1 | Reached skill level 11 in Fire Magic
 20366 | Depths:2 | Found a one-way gate to the infinite horrors of the Abyss.
 20377 | Depths:2 | Found a one-way gateway to a ziggurat.
 20386 | Depths:2 | Reached skill level 12 in Fire Magic
 20422 | Depths:2 | Reached skill level 13 in Fire Magic
 20449 | Depths:1 | Found a basalt altar of Yredelemnul.
 20473 | Depths:1 | Voluntarily entered the Abyss.
 20530 | Abyss:3  | Found a corrupted altar of Lugonu.
 20617 | Abyss:3  | Reached skill level 14 in Fire Magic
 20626 | Abyss:3  | Found a corrupted altar of Lugonu.
 20642 | Abyss:3  | Found a corrupted altar of Lugonu.
 20656 | Abyss:3  | Noticed a dread lich
 20706 | Abyss:3  | Found a corrupted altar of Lugonu.
 20766 | Abyss:3  | Reached skill level 15 in Fire Magic
 20819 | Abyss:3  | Got an abyssal rune of Zot
 20838 | Depths:1 | Escaped the Abyss
 20893 | Depths:1 | Found a one-way gate leading to the halls of Pandemonium.
 20925 | Depths:3 | Reached skill level 16 in Fire Magic
 20973 | Depths:3 | Noticed Mennas
 20979 | Depths:3 | Killed Mennas
 20998 | Depths:3 | Reached skill level 17 in Fire Magic
 21053 | Depths:3 | Found a corrupted altar of Lugonu.
 21061 | Depths:4 | Entered Level 4 of the Depths
 21125 | Depths:4 | Reached skill level 18 in Fire Magic
 21127 | Depths:4 | Found a gate to the Realm of Zot.
 21133 | Depths:4 | Identified the ring of Ekhiroq {Ice rElec rPois}
 21133 | Depths:4 | Noticed Josephina
 21139 | Depths:4 | Killed Josephina
 21160 | Zot:1    | Entered Level 1 of the Realm of Zot
 21197 | Zot:1    | You fall into a shaft and drop 1 floor!
 21288 | Zot:3    | Identified the amulet of Ififiwel {Acrobat rF+ rC++ MP+9}
 21299 | Zot:3    | Reached skill level 19 in Fire Magic
 21348 | Zot:5    | Entered Level 5 of the Realm of Zot
 21375 | Zot:4    | Noticed an orb of fire
 21377 | Zot:4    | Killed an orb of fire
 21384 | Zot:3    | Noticed a curse toe
 21386 | Zot:3    | Killed a curse toe
 21388 | Zot:3    | Reached skill level 20 in Fire Magic
 21531 | Zot:3    | Reached skill level 1 in Throwing
 21550 | Zot:3    | Reached skill level 2 in Throwing
 21726 | Zot:4    | Reached skill level 3 in Throwing
 21729 | Zot:4    | Reached skill level 4 in Throwing
 21758 | Zot:4    | Reached skill level 5 in Throwing
 21844 | Zot:4    | Noticed an orb of fire
 21845 | Zot:4    | Gained mutation: Your magical capacity is low. (-10% MP)
                  | [an orb of fire]
 21846 | Zot:4    | Gained mutation: You occasionally lose the ability to drink
                  | potions when taking damage. [an orb of fire]
 21847 | Zot:4    | Killed an orb of fire
 21848 | Zot:4    | Reached skill level 6 in Throwing
 21937 | Zot:4    | Found a runed translucent gate.
 21937 | Zot:4    | Found a runed translucent gate.
 21937 | Zot:4    | Found a runed translucent gate.
 21949 | Zot:4    | Reached skill level 7 in Throwing
 21952 | Zot:4    | Noticed Eteduell's ghost (legendary HuCK)
 21952 | Zot:4    | Identified the +0 pair of gloves of the Arcane {rF+++ Will-
                  | Str+4 SInv}
 21954 | Zot:4    | Paralysed by a Zot trap for 4 turns
 21968 | Zot:4    | Reached skill level 8 in Throwing
 21969 | Zot:4    | Reached skill level 9 in Throwing
 21970 | Zot:4    | Killed Eteduell's ghost
 21971 | Zot:4    | Reached skill level 10 in Throwing
 21974 | Zot:4    | Noticed a curse toe
 21978 | Zot:4    | Killed a curse toe
 22007 | Zot:4    | Reached skill level 11 in Throwing
 22283 | Zot:5    | Reached skill level 12 in Throwing
 22513 | Zot:3    | Lost mutation: Your magical capacity is low. (-10% MP)
                  | [potion of mutation]
 22513 | Zot:3    | Lost mutation: You occasionally lose the ability to drink
                  | potions when taking damage. [potion of mutation]
 22513 | Zot:3    | Gained mutation: You are partially covered in iridescent
                  | scales. (AC +2) [potion of mutation]
 22585 | Zot:1    | Reached skill level 13 in Throwing
 22923 | Depths:4 | Reached skill level 14 in Throwing
 23047 | Depths:4 | Reached skill level 15 in Throwing
 23104 | Depths:4 | Found Xepru's Jewellery Shop.
 23420 | Depths:3 | Found a stormy altar of Qazlal.
 23451 | Depths:2 | Noticed a caustic shrike
 23451 | Depths:2 | Noticed Vv
 23455 | Depths:2 | Reached skill level 16 in Throwing
 23455 | Depths:2 | Killed a caustic shrike
 23456 | Depths:2 | Killed Vv
 23457 | Depths:2 | Noticed a caustic shrike
 23463 | Depths:2 | Killed a caustic shrike
 23503 | Depths:2 | Noticed a caustic shrike
 23505 | Depths:2 | Killed a caustic shrike
 23506 | Depths:2 | Reached skill level 17 in Throwing
 23506 | Depths:2 | Identified the ring "Qyaniog" {rF+ rCorr}
 23818 | Zig:1    | Entered Level 1 of a ziggurat
 23827 | Zig:2    | Entered Level 2 of a ziggurat
 23841 | Zig:3    | Entered Level 3 of a ziggurat
 23842 | Zig:3    | Identified the +3 morningstar of Ompel {freeze, rC- rN+
                  | Will+ Str+3}
 23861 | Zig:4    | Entered Level 4 of a ziggurat
 23867 | Zig:4    | Identified the +11 halberd "Ogekic" {freeze, rPois rC+
                  | Stlth+}
 23867 | Zig:4    | Identified the Directory of Spellbinding and the Gang
 23883 | Zig:5    | Entered Level 5 of a ziggurat
 23887 | Zig:5    | Identified the +6 morningstar of the Hurling Goat {elec,
                  | rC+ rN+ Str-4 SInv}
 23889 | Zig:5    | Reached skill level 18 in Throwing
 23891 | Zig:5    | Identified the Atlas of the Scorpion and Nonlocality
 23912 | Zig:6    | Entered Level 6 of a ziggurat
 23915 | Zig:6    | Identified the +0 helmet "Vilah" {Will+ Regen+ Dex+2}
 23917 | Zig:6    | Noticed Las Xuna the pandemonium lord
 23923 | Zig:6    | Killed Las Xuna the pandemonium lord
 23925 | Zig:6    | Identified the +4 long sword of the Nurturing Spider
                  | {heavy, Contam rElec Str+5}
 23925 | Zig:6    | Identified the +0 scale mail of Pupowulo {*Corrode rN++}
 23937 | Zig:6    | Acquired a book of Annihilations
 23949 | Zig:6    | Learned a level 9 spell: Fire Storm
 23959 | Zig:6    | Learned a level 9 spell: Shatter
 23962 | Zig:7    | Entered Level 7 of a ziggurat
 23976 | Zig:7    | Noticed a caustic shrike
 23978 | Zig:7    | Killed a caustic shrike
 23979 | Zig:7    | Reached skill level 8 in Conjurations
 23998 | Zig:8    | Entered Level 8 of a ziggurat
 24000 | Zig:8    | Reached skill level 9 in Conjurations
 24010 | Zig:8    | Reached skill level 10 in Conjurations
 24036 | Zig:9    | Entered Level 9 of a ziggurat
 24045 | Zig:9    | Reached skill level 11 in Conjurations
 24050 | Zig:9    | Identified the Handbook of Icy Excavation
 24050 | Zig:9    | Identified the Octavo of Xenomorphic Tephra
 24052 | Zig:9    | Identified the Elucidation of Fulmination
 24058 | Zig:9    | Reached skill level 13 in Conjurations
 24073 | Zig:10   | Entered Level 10 of a ziggurat
 24085 | Zig:10   | Noticed Zearph the pandemonium lord
 24089 | Zig:10   | Reached skill level 14 in Conjurations
 24091 | Zig:10   | Killed Zearph the pandemonium lord
 24092 | Zig:10   | Identified the +10 rapier of Modesty {antimagic, rElec rC-
                  | rN+ Int+3}
 24101 | Zig:10   | Reached skill level 15 in Conjurations
 24106 | Zig:10   | Reached skill level 16 in Conjurations
 24110 | Zig:11   | Entered Level 11 of a ziggurat
 24121 | Zig:11   | Noticed a Killer Klown
 24121 | Zig:11   | Found the +8 Vampire's Tooth {megavamp}
 24122 | Zig:11   | Noticed Qizepora the pandemonium lord
 24124 | Zig:11   | Killed Qizepora the pandemonium lord
 24125 | Zig:11   | Reached skill level 17 in Conjurations
 24125 | Zig:11   | Killed a Killer Klown
 24125 | Zig:11   | Noticed a Killer Klown
 24128 | Zig:11   | Killed a Killer Klown
 24129 | Zig:11   | Identified the amulet "Neujudd" {Spirit Rampage rF- rN+
                  | Str+4}
 24129 | Zig:11   | Identified the Tome of Familiar Distance
 24129 | Zig:11   | Identified the +4 ring mail of the Loofah {-Tele rN+ Will++
                  | Str+3}
 24152 | Zig:12   | Entered Level 12 of a ziggurat
 24163 | Zig:12   | Paralysed by an air elemental for 1 turns
 24168 | Zig:12   | Reached skill level 18 in Conjurations
 24172 | Zig:12   | Identified the +6 trident of Bread {holy, rF+ rC- Dex+3}
 24173 | Zig:12   | Found the ring of the Mage {Wiz Archmagi}
 24173 | Zig:12   | Identified the ring of Morunym {rElec rPois rN+ Int+3
                  | Stlth-}
 24173 | Zig:12   | Found the +5 scythe "Finisher" {speed, execute}
 24202 | Zig:13   | Entered Level 13 of a ziggurat
 24210 | Zig:13   | Noticed a juggernaut
 24214 | Zig:13   | Killed a juggernaut
 24218 | Zig:13   | Reached skill level 19 in Conjurations
 24222 | Zig:13   | Identified the staff of poison "Enlit" {rPois SInv}
 24222 | Zig:13   | Identified the Vellum of Blows
 24223 | Zig:13   | Identified the +3 rapier of Salt {freeze, *Slow +Blink rN+
                  | Will+++}
 24223 | Zig:13   | Identified Sirib's Anthology of the Union
 24224 | Zig:13   | Found the +12 pair of quick blades "Gyre" and "Gimble"
                  | {protect}
 24241 | Zig:14   | Entered Level 14 of a ziggurat
 24263 | Zig:14   | Reached skill level 20 in Conjurations
 24264 | Zig:14   | Identified the Handbook of Talus and Haze
 24283 | Zig:15   | Entered Level 15 of a ziggurat
 24304 | Zig:15   | Identified the Almanac of Fetid Flesh
 24304 | Zig:15   | Identified the +4 shortbow of Miostrudu {freeze, rElec rN+
                  | Str+3 Stlth-}
 24308 | Zig:15   | Reached skill level 21 in Conjurations
 24308 | Zig:15   | Identified the ring of Naeji {Wiz rF+ rC+}
 24309 | Zig:15   | Identified the +0 ring mail of Elyvilon's Hatred {*Corrode
                  | rC+ rN+ Stlth+}
 24338 | Zig:16   | Entered Level 16 of a ziggurat
 24374 | Zig:16   | Identified the +0 ring mail "Aletrecy" {Int+3}
 24375 | Zig:16   | Identified the +8 flail of the Sky {holy, rF+ Dex+2}
 24375 | Zig:16   | Identified the +1 robe of Meqyg {Rampage Int+3}
 24391 | Zig:17   | Entered Level 17 of a ziggurat
 24404 | Zig:17   | Reached skill level 22 in Conjurations
 24445 | Zig:17   | Noticed Fus Dobb the pandemonium lord
 24447 | Zig:17   | Killed Fus Dobb the pandemonium lord
 24448 | Zig:17   | Reached skill level 23 in Conjurations
 24470 | Zig:17   | Identified the +0 ring mail "Tuysho" {Int+3}
 24470 | Zig:17   | Found the +4 consecrated labrys {holy, Valiant Fragile Fly
                  | SInv}
 24471 | Zig:17   | Identified the staff of conjuration "Rigoh" {Str+3}
 24492 | Zig:18   | Entered Level 18 of a ziggurat
 24512 | Zig:18   | Reached skill level 4 in Necromancy
 24512 | Zig:18   | Noticed a caustic shrike
 24513 | Zig:18   | Reached skill level 5 in Necromancy
 24513 | Zig:18   | Noticed a caustic shrike
 24514 | Zig:18   | Killed a caustic shrike
 24515 | Zig:18   | Reached skill level 6 in Necromancy
 24516 | Zig:18   | Killed a caustic shrike
 24517 | Zig:18   | Reached skill level 7 in Necromancy
 24517 | Zig:18   | Identified the Parchment of Illusion
 24518 | Zig:18   | Identified the +8 long sword "Huofuipp" {drain, Int+2}
 24519 | Zig:18   | Identified the Papyrus of Pyromania and Hail
 24519 | Zig:18   | Identified the ring of Rofealed {rN+ Will+ Dex+3}
 24519 | Zig:18   | Identified the +1 leather armour "Wugufomm" {rF- rN+ Str+7}
 24524 | Zig:18   | Reached skill level 9 in Necromancy
 24534 | Zig:19   | Entered Level 19 of a ziggurat
 24547 | Zig:19   | Reached skill level 1 in Transmutations
 24551 | Zig:19   | Reached skill level 2 in Transmutations
 24557 | Zig:19   | Reached skill level 10 in Necromancy
 24559 | Zig:19   | Reached skill level 3 in Transmutations
 24569 | Zig:19   | Reached skill level 4 in Transmutations
 24574 | Zig:19   | Reached skill level 11 in Necromancy
 24584 | Zig:19   | Identified the staff of poison "Yxeseith" {rPois Will+
                  | Int+3 Dex+6 Stlth-}
 24585 | Zig:19   | Identified the ring "Pebifuno" {rF+ rC+ rCorr Stlth+}
 24587 | Zig:19   | Found the +7 Spriggan's Knife {stab, EV+4 Stlth+}
 24587 | Zig:19   | Identified the staff of death "Yfeipoqa" {rF+ rN+ Will+}
 24606 | Zig:20   | Entered Level 20 of a ziggurat
 24627 | Zig:20   | Reached skill level 5 in Transmutations
 24631 | Zig:20   | Reached skill level 12 in Necromancy
 24634 | Zig:20   | Reached skill level 6 in Transmutations
 24668 | Zig:20   | Found the sphere of Battle
 24669 | Zig:20   | Identified a +1 pair of boots of flying
 24670 | Zig:20   | Identified the ring "Hiats" {Wiz Str+4}
 24709 | Zig:21   | Entered Level 21 of a ziggurat
 24731 | Zig:21   | Reached skill level 13 in Necromancy
 24731 | Zig:21   | Reached skill level 7 in Transmutations
 24734 | Zig:21   | Reached skill level 8 in Transmutations
 24736 | Zig:21   | Reached skill level 14 in Necromancy
 24738 | Zig:21   | Identified the +5 scimitar "Qegus" {holy, Str+6}
 24740 | Zig:21   | Identified the staff of fire "Nirr" {rF+ Str+3 Dex+4 SInv
                  | Stlth+}
 24747 | Zig:21   | Identified the +5 flail of Mutilation {freeze, rElec rPois}
 24749 | Zig:21   | Identified a +1 pair of boots of flying
 24778 | Zig:22   | Entered Level 22 of a ziggurat
 24797 | Zig:22   | Noticed a royal mummy
 24797 | Zig:22   | Noticed a royal mummy
 24798 | Zig:22   | Noticed a royal mummy
 24799 | Zig:22   | Killed a royal mummy
 24800 | Zig:22   | Reached skill level 9 in Transmutations
 24800 | Zig:22   | Killed a royal mummy
 24801 | Zig:22   | Killed a royal mummy
 24801 | Zig:22   | Noticed a royal mummy
 24802 | Zig:22   | Reached skill level 15 in Necromancy
 24815 | Zig:22   | Killed a royal mummy
 24829 | Zig:22   | Noticed a royal mummy
 24832 | Zig:22   | Killed a royal mummy
 24837 | Zig:22   | Noticed a royal mummy
 24838 | Zig:22   | Killed a royal mummy
 24842 | Zig:22   | Noticed a royal mummy
 24855 | Zig:22   | Killed a royal mummy
 24856 | Zig:22   | Reached skill level 10 in Transmutations
 24865 | Zig:22   | Noticed a royal mummy
 24871 | Zig:22   | Killed a royal mummy
 24890 | Zig:22   | Noticed a royal mummy
 24894 | Zig:22   | Killed a royal mummy
 24895 | Zig:22   | Reached skill level 16 in Necromancy
 24946 | Zig:22   | Noticed a royal mummy
 24950 | Zig:22   | Killed a royal mummy
 25017 | Zig:22   | Identified the amulet "Doinkist" {Reflect rElec rN+ Will-
                  | Str+2 SH+5}
 25017 | Zig:22   | Identified Beib's Thaumaturgy Continued
 25017 | Zig:22   | Identified the ring of Getacrom {rF+ Int+3 SInv}
 25018 | Zig:22   | Found the macabre finger necklace {Finger+ rN+}
 25019 | Zig:22   | Identified the +4 halberd of the Philosopher {freeze, Fly}
 25029 | Zig:22   | Reached skill level 11 in Transmutations
 25038 | Zig:23   | Entered Level 23 of a ziggurat
 25054 | Zig:23   | Reached skill level 17 in Necromancy
 25068 | Zig:23   | Reached skill level 18 in Necromancy
 25095 | Zig:23   | Identified the staff of poison "Goaz" {rPois rN+}
 25096 | Zig:23   | Identified the Tome of Variable Pyromancy
 25097 | Zig:23   | Identified the ring of Pepawezxo {rPois Will+ Str+5}
 25097 | Zig:23   | Identified the +5 acid dragon scales "Zali" {Rampage Will+
                  | rCorr}
 25117 | Zig:23   | Learned a level 8 spell: Necromutation
 25117 | Zig:23   | Reached skill level 24 in Dodging
 25118 | Zig:23   | Reached skill level 21 in Fire Magic
 25124 | Zig:24   | Entered Level 24 of a ziggurat
 25147 | Zig:24   | Reached skill level 24 in Conjurations
 25149 | Zig:24   | Reached skill level 19 in Throwing
 25156 | Zig:24   | Reached skill level 14 in Fighting
 25207 | Zig:24   | Identified the +6 glaive "Nupemub" {pain, Stlth+}
 25207 | Zig:24   | Identified the staff of fire "Taar" {rF+ rC+ Str+3}
 25208 | Zig:24   | Identified the +6 ring mail of Keosterph {rN+ Int+3}
 25208 | Zig:24   | Identified the Handbook of Guile and Vapour
 25209 | Zig:24   | Identified the +2 pair of gloves of Reywk {rElec rC- Regen+
                  | Dex+4}
 25211 | Zig:24   | Identified the staff of earth "Dythitem" {*Corrode +Blink
                  | Dex+3}
 25236 | Zig:24   | Reached skill level 8 in Air Magic
 25247 | Zig:24   | Learned a level 9 spell: Chain Lightning
 25247 | Zig:24   | Reached skill level 12 in Air Magic
 25258 | Zig:25   | Entered Level 25 of a ziggurat
 25275 | Zig:25   | Reached skill level 13 in Air Magic
 25276 | Zig:25   | Reached skill level 14 in Air Magic
 25279 | Zig:25   | Reached skill level 15 in Air Magic
 25281 | Zig:25   | Noticed an ancient lich
 25284 | Zig:25   | Noticed an ancient lich
 25285 | Zig:25   | Reached skill level 16 in Air Magic
 25285 | Zig:25   | Killed an ancient lich
 25285 | Zig:25   | Killed an ancient lich
 25286 | Zig:25   | Reached skill level 17 in Air Magic
 25296 | Zig:25   | Identified the amulet "Tolasiaduo" {RegenMP Str+2}
 25299 | Zig:25   | Identified the +3 long sword of Famine {heavy, +Blink
                  | Dex+3}
 25320 | Zig:25   | Reached skill level 18 in Air Magic
 25326 | Zig:26   | Entered Level 26 of a ziggurat
 25332 | Zig:26   | Learned a level 3 spell: Vhi's Electric Charge
 25346 | Zig:26   | Noticed a royal mummy
 25347 | Zig:26   | Noticed a royal mummy
 25349 | Zig:26   | Killed a royal mummy
 25350 | Zig:26   | Noticed a royal mummy
 25350 | Zig:26   | Noticed a royal mummy
 25350 | Zig:26   | Noticed a royal mummy
 25351 | Zig:26   | Killed a royal mummy
 25352 | Zig:26   | Reached skill level 19 in Air Magic
 25352 | Zig:26   | Noticed a royal mummy
 25352 | Zig:26   | Noticed a royal mummy
 25353 | Zig:26   | Killed a royal mummy
 25353 | Zig:26   | Killed a royal mummy
 25353 | Zig:26   | Noticed a royal mummy
 25355 | Zig:26   | Killed a royal mummy
 25355 | Zig:26   | Killed a royal mummy
 25355 | Zig:26   | Killed a royal mummy
 25355 | Zig:26   | Noticed a royal mummy
 25356 | Zig:26   | Reached skill level 20 in Air Magic
 25356 | Zig:26   | Killed a royal mummy
 25357 | Zig:26   | Killed a royal mummy
 25357 | Zig:26   | Noticed a royal mummy
 25357 | Zig:26   | Noticed a royal mummy
 25360 | Zig:26   | Noticed a royal mummy
 25360 | Zig:26   | Noticed a royal mummy
 25361 | Zig:26   | Killed a royal mummy
 25361 | Zig:26   | Killed a royal mummy
 25362 | Zig:26   | Reached skill level 21 in Air Magic
 25363 | Zig:26   | Noticed a royal mummy
 25364 | Zig:26   | Killed a royal mummy
 25364 | Zig:26   | Killed a royal mummy
 25366 | Zig:26   | Killed a royal mummy
 25376 | Zig:26   | Identified the staff of fire "Ishret" {rF+ Str+5}
 25378 | Zig:26   | Identified the staff of conjuration "Piuttad" {Drain Int+3}
 25378 | Zig:26   | Identified the +1 ring mail of Cloud Cover {SInv}
 25380 | Zig:26   | Found the +2 cloak of the Thief {*Fog Slay-2 SInv Stlth+}
 25381 | Zig:26   | Identified the ring of Fuiddues {rPois rF+ Stlth+}
 25381 | Zig:26   | Identified the +0 plate armour "Nuroume" {rN+}
 25381 | Zig:26   | Identified the +10 plate armour of the Wilderness {Str+4
                  | Int-5}
 25464 | Zig:27   | Entered Level 27 of a ziggurat
 25477 | Zig:27   | Reached skill level 24 in Spellcasting
 25493 | Zig:27   | Reached skill level 25 in Spellcasting
 25523 | Zig:27   | Identified Sif Muna's Guidebook on Battling and the Quake
 25524 | Zig:27   | Identified the +7 lajatang of Vanity {freeze, Fly rN+ Str+6
                  | Dex-2}
 25525 | Zig:27   | Identified the Quarto of Telluric Alteration
 25526 | Zig:27   | Identified the +11 morningstar of Hacking and Slashing
                  | {heavy, +Blink rElec Will-}
 25526 | Zig:27   | Identified the ring "Metwoill" {MP+9 Int+5 Dex-3 Stlth+}
 25705 | Vaults:3 | Reached skill level 21 in Earth Magic
 25737 | Vaults:3 | Found an ancient bone altar of Kikubaaqudgha.
 25737 | Vaults:3 | Found a staircase to the Crypt.
 25737 | Vaults:3 | Found a basalt altar of Yredelemnul.
 25746 | Crypt:1  | Entered Level 1 of the Crypt
 25805 | Crypt:2  | Reached skill level 25 in Dodging
 25826 | Crypt:2  | Found an ancient bone altar of Kikubaaqudgha.
 25902 | Crypt:3  | Entered Level 3 of the Crypt
 25917 | Crypt:3  | Reached skill level 15 in Fighting
 25994 | Crypt:3  | Identified the +7 great sword of Tiraw {spect, Str+3}
 25994 | Crypt:3  | Identified the staff of air "Ozigh" {rElec rF+ rC++ Will-
                  | MP+9}
 25999 | Crypt:3  | Noticed an ancient lich
 26002 | Crypt:3  | Noticed an ancient lich
 26002 | Crypt:3  | Noticed an ancient lich
 26003 | Crypt:3  | Killed an ancient lich
 26003 | Crypt:3  | Killed an ancient lich
 26004 | Crypt:3  | Killed an ancient lich
 26005 | Crypt:3  | Reached skill level 16 in Fighting
 26069 | Crypt:3  | Found a staircase to the Tomb.
 26081 | Tomb:1   | Entered Level 1 of the Tomb of the Ancients
 26103 | Tomb:1   | Noticed a royal mummy
 26103 | Tomb:1   | Noticed a royal mummy
 26103 | Tomb:1   | Noticed a royal mummy
 26103 | Tomb:1   | Noticed a royal mummy
 26104 | Tomb:1   | Noticed a royal mummy
 26105 | Tomb:1   | Killed a royal mummy
 26105 | Tomb:1   | Killed a royal mummy
 26105 | Tomb:1   | Noticed a royal mummy
 26105 | Tomb:1   | Noticed a royal mummy
 26106 | Tomb:1   | Killed a royal mummy
 26106 | Tomb:1   | Killed a royal mummy
 26106 | Tomb:1   | Killed a royal mummy
 26107 | Tomb:1   | Reached skill level 17 in Fighting
 26107 | Tomb:1   | Killed a royal mummy
 26108 | Tomb:1   | Killed a royal mummy
 26108 | Tomb:1   | Noticed a royal mummy
 26109 | Tomb:1   | Noticed a royal mummy
 26110 | Tomb:1   | Killed a royal mummy
 26110 | Tomb:1   | Killed a royal mummy
 26115 | Tomb:1   | Noticed a royal mummy
 26121 | Tomb:1   | Killed a royal mummy
 26122 | Tomb:1   | Reached skill level 18 in Fighting
 26129 | Tomb:1   | Noticed a royal mummy
 26129 | Tomb:1   | Noticed a royal mummy
 26130 | Tomb:1   | Noticed a royal mummy
 26132 | Tomb:1   | Killed a royal mummy
 26134 | Tomb:1   | Killed a royal mummy
 26135 | Tomb:1   | Killed a royal mummy
 26156 | Tomb:1   | Reached skill level 19 in Fighting
 26192 | Tomb:1   | Noticed a royal mummy
 26194 | Tomb:1   | Killed a royal mummy
 26226 | Tomb:2   | Noticed a royal mummy
 26230 | Tomb:2   | Killed a royal mummy
 26234 | Tomb:2   | Reached skill level 20 in Fighting
 26236 | Tomb:2   | Noticed a royal mummy
 26236 | Tomb:2   | Noticed a royal mummy
 26239 | Tomb:2   | Killed a royal mummy
 26240 | Tomb:2   | Noticed a royal mummy
 26241 | Tomb:2   | Killed a royal mummy
 26244 | Tomb:2   | Killed a royal mummy
 26274 | Tomb:3   | Entered Level 3 of the Tomb of the Ancients
 26281 | Tomb:3   | Reached skill level 21 in Fighting
 26284 | Tomb:3   | Found the +4 robe of Folly {Brill Will-∞ Int+8}
 26289 | Tomb:3   | Identified the +3 scale mail of Youthful Indiscretion
                  | {rC++}
 26290 | Tomb:3   | Identified the +4 trident "Zykommol" {flame, rC+ Str+4
                  | SInv}
 26290 | Tomb:3   | Identified the Enchiridion on Ghoulish Frostbite
 26292 | Tomb:3   | Noticed a royal mummy
 26292 | Tomb:3   | Noticed a royal mummy
 26292 | Tomb:3   | Identified the +1 pair of gloves of Joy {Drain rF+ rN+
                  | Int+3}
 26294 | Tomb:3   | Noticed Boris
 26295 | Tomb:3   | Noticed a royal mummy
 26295 | Tomb:3   | Noticed a royal mummy
 26295 | Tomb:3   | Noticed a royal mummy
 26296 | Tomb:3   | Identified the +6 dagger of Nuselin {venom, rElec rF- rN+
                  | Dex+9}
 26299 | Tomb:3   | Killed a royal mummy
 26301 | Tomb:3   | Killed a royal mummy
 26303 | Tomb:3   | Reached skill level 22 in Fighting
 26304 | Tomb:3   | Killed a royal mummy
 26305 | Tomb:3   | Killed a royal mummy
 26306 | Tomb:3   | Killed a royal mummy
 26306 | Tomb:3   | Noticed a royal mummy
 26308 | Tomb:3   | Killed Boris
 26309 | Tomb:3   | Noticed a royal mummy
 26310 | Tomb:3   | Noticed a royal mummy
 26311 | Tomb:3   | Noticed a royal mummy
 26312 | Tomb:3   | Killed a royal mummy
 26314 | Tomb:3   | Killed a royal mummy
 26314 | Tomb:3   | Killed a royal mummy
 26315 | Tomb:3   | Reached skill level 1 in Translocations
 26315 | Tomb:3   | Reached skill level 2 in Evocations
 26316 | Tomb:3   | Killed a royal mummy
 26431 | Tomb:3   | Identified the +1 chain mail of Fogul {Rampage rN+ Will+}
 26442 | Tomb:3   | Got a golden rune of Zot
 26466 | Tomb:3   | Identified the staff of cold "Itoleus" {rC+ SInv}
 26568 | Tomb:2   | Reached skill level 26 in Spellcasting
 26933 | Hell     | Found a gateway to the Iron City of Dis.
 26972 | Hell     | Noticed a dread lich
 26979 | Hell     | Killed a dread lich
 26980 | Hell     | Reached skill level 27 in Spellcasting
 27004 | Hell     | Found a gateway to the ashen valley of Gehenna.
 27017 | Geh:1    | Entered Level 1 of Gehenna
 27030 | Geh:1    | Reached skill level 3 in Evocations
 27040 | Geh:1    | Reached skill level 20 in Throwing
 27041 | Geh:1    | Reached skill level 4 in Evocations
 27108 | Geh:2    | Reached skill level 5 in Evocations
 27126 | Geh:3    | Reached skill level 6 in Evocations
 27152 | Geh:4    | Reached skill level 23 in Fighting
 27194 | Geh:5    | Reached skill level 7 in Evocations
 27205 | Geh:5    | Reached skill level 8 in Evocations
 27217 | Geh:5    | Reached skill level 21 in Throwing
 27246 | Geh:5    | Reached skill level 9 in Evocations
 27365 | Geh:7    | Entered Level 7 of Gehenna
 27369 | Geh:7    | Reached skill level 10 in Evocations
 27369 | Geh:7    | Upgraded the game from 0.30-a0-1124-g6e8f0f562f to
                  | 0.30-a0-1155-gf8af5b4991
 27413 | Geh:7    | Reached skill level 19 in Necromancy
 27487 | Geh:7    | Reached skill level 22 in Throwing
 28137 | Geh:7    | Learned a level 4 spell: Passage of Golubria
 28191 | Geh:7    | Found the +13 sceptre of Asmodeus
 28191 | Geh:7    | Noticed Asmodeus
 28197 | Geh:7    | Killed Asmodeus
 28239 | Geh:7    | Got an obsidian rune of Zot
 28300 | Geh:7    | Reached skill level 23 in Throwing
 28300 | Geh:7    | Reached skill level 2 in Translocations
 28380 | Geh:7    | Identified the +3 leather armour of Precision Catastrophes
                  | {+Blink rPois Will++ Str-3}
 28383 | Geh:7    | Identified the +4 leather armour "Ytwidwi" {rPois rCorr
                  | Str-2 SInv}
 28383 | Geh:7    | Identified the +7 shortbow of Tortured Offence {heavy,
                  | rPois rN++ Int-4 Stlth+}
 28493 | Hell     | Found a gateway to the freezing wastes of Cocytus.
 28497 | Hell     | Reached skill level 3 in Translocations
 28504 | Coc:1    | Entered Level 1 of Cocytus
 28527 | Coc:2    | Reached skill level 4 in Translocations
 28574 | Coc:4    | Noticed an ancient lich
 28575 | Coc:4    | Killed an ancient lich
 28576 | Coc:4    | Reached skill level 20 in Necromancy
 28576 | Coc:4    | Reached skill level 5 in Translocations
 28609 | Coc:5    | Noticed a shard shrike
 28609 | Coc:5    | Noticed a shard shrike
 28612 | Coc:5    | Reached skill level 6 in Translocations
 28612 | Coc:5    | Killed a shard shrike
 28612 | Coc:5    | Killed a shard shrike
 28622 | Coc:5    | Reached skill level 7 in Translocations
 28641 | Coc:6    | Reached skill level 8 in Translocations
 28650 | Coc:7    | Entered Level 7 of Cocytus
 28654 | Coc:7    | Noticed a dread lich
 28656 | Coc:7    | Killed a dread lich
 28659 | Coc:7    | Reached skill level 9 in Translocations
 28669 | Coc:7    | Reached skill level 21 in Necromancy
 28679 | Coc:7    | Reached skill level 10 in Translocations
 28731 | Coc:7    | Reached skill level 11 in Translocations
 28849 | Coc:7    | Identified the staff of fire "Acwinwai" {Drain +Blink Fly
                  | rF+ Will+}
 28849 | Coc:7    | Identified the Anthology of Floating Oxidation
 28852 | Coc:7    | Identified the +2 robe of the Slorg {Rampage rCorr}
 28918 | Coc:7    | Reached skill level 12 in Translocations
 28955 | Coc:7    | Got an icy rune of Zot
 28957 | Coc:7    | Noticed Antaeus
 29011 | Coc:7    | Noticed a shard shrike
 29013 | Coc:7    | Killed a shard shrike
 29075 | Coc:7    | Killed Antaeus
 29076 | Coc:7    | Reached skill level 22 in Necromancy
 29124 | Coc:7    | Noticed a shard shrike
 29125 | Coc:7    | Killed a shard shrike
 29165 | Dis:1    | Entered Level 1 of the Iron City of Dis
 29165 | Dis:1    | Noticed a caustic shrike
 29165 | Dis:1    | Noticed a caustic shrike
 29165 | Dis:1    | Noticed a caustic shrike
 29165 | Dis:1    | Noticed a caustic shrike
 29165 | Dis:1    | Noticed a caustic shrike
 29168 | Dis:1    | Killed a caustic shrike
 29168 | Dis:1    | Killed a caustic shrike
 29169 | Dis:1    | Killed a caustic shrike
 29169 | Dis:1    | Killed a caustic shrike
 29169 | Dis:1    | Killed a caustic shrike
 29170 | Dis:1    | Reached skill level 13 in Translocations
 29207 | Dis:3    | Noticed a caustic shrike
 29207 | Dis:3    | Noticed a caustic shrike
 29207 | Dis:3    | Noticed a caustic shrike
 29207 | Dis:3    | Noticed a caustic shrike
 29207 | Dis:3    | Noticed a caustic shrike
 29207 | Dis:3    | Noticed a caustic shrike
 29207 | Dis:3    | Noticed a caustic shrike
 29207 | Dis:3    | Noticed a caustic shrike
 29210 | Dis:3    | Killed a caustic shrike
 29210 | Dis:3    | Killed a caustic shrike
 29210 | Dis:3    | Killed a caustic shrike
 29210 | Dis:3    | Killed a caustic shrike
 29211 | Dis:3    | Reached skill level 14 in Translocations
 29211 | Dis:3    | Killed a caustic shrike
 29212 | Dis:3    | Killed a caustic shrike
 29213 | Dis:3    | Killed a caustic shrike
 29213 | Dis:3    | Killed a caustic shrike
 29228 | Dis:3    | Killed an ancient lich
 29229 | Dis:3    | Reached skill level 23 in Necromancy
 29257 | Dis:4    | Reached skill level 15 in Translocations
 29321 | Dis:7    | Entered Level 7 of the Iron City of Dis
 29327 | Dis:7    | Noticed a juggernaut
 29329 | Dis:7    | Killed a juggernaut
 29330 | Dis:7    | Reached skill level 16 in Translocations
 29336 | Dis:7    | Noticed a caustic shrike
 29340 | Dis:7    | Killed a caustic shrike
 29347 | Dis:7    | Noticed a caustic shrike
 29351 | Dis:7    | Reached skill level 17 in Translocations
 29351 | Dis:7    | Noticed a caustic shrike
 29351 | Dis:7    | Noticed a caustic shrike
 29352 | Dis:7    | Killed a caustic shrike
 29353 | Dis:7    | Noticed a caustic shrike
 29355 | Dis:7    | Killed a caustic shrike
 29355 | Dis:7    | Noticed a juggernaut
 29356 | Dis:7    | Killed a caustic shrike
 29359 | Dis:7    | Killed a caustic shrike
 29362 | Dis:7    | Reached skill level 18 in Translocations
 29363 | Dis:7    | Killed a juggernaut
 29398 | Dis:7    | Reached skill level 19 in Translocations
 29496 | Dis:7    | Identified the +4 dagger of Disaster {elec, rElec rN++}
 29497 | Dis:7    | Reached skill level 20 in Translocations
 29497 | Dis:7    | Identified The Last Almanac of the Warlock
 29497 | Dis:7    | Noticed the Serpent of Hell
 29504 | Dis:7    | Killed the Serpent of Hell
 29508 | Dis:7    | Noticed a juggernaut
 29513 | Dis:7    | Killed a juggernaut
 29556 | Dis:7    | Found the +8 Wrath of Trog {antimagic, *Rage Rampage}
 29557 | Dis:7    | Identified the staff of fire "Rolak" {rF+ Int+2}
 29586 | Dis:7    | Reached skill level 21 in Translocations
 29606 | Dis:7    | Noticed a caustic shrike
 29607 | Dis:7    | Noticed a caustic shrike
 29607 | Dis:7    | Noticed a caustic shrike
 29610 | Dis:7    | Killed a caustic shrike
 29611 | Dis:7    | Killed a caustic shrike
 29611 | Dis:7    | Killed a caustic shrike
 29618 | Dis:7    | Noticed a caustic shrike
 29620 | Dis:7    | Killed a caustic shrike
 29756 | Dis:7    | Identified Sif Muna's Parchment of the Aged Shrikes
 29813 | Dis:7    | Noticed Dispater
 29820 | Dis:7    | Killed Dispater
 29852 | Dis:7    | Got an iron rune of Zot
 29946 | Hell     | Found a gateway to the decaying netherworld of Tartarus.
 29956 | Tar:1    | Entered Level 1 of Tartarus
 29991 | Tar:2    | Reached skill level 9 in Shields
 30010 | Tar:2    | Reached skill level 10 in Shields
 30010 | Tar:2    | Reached skill level 11 in Evocations
 30029 | Tar:2    | Noticed an ancient lich
 30030 | Tar:2    | Reached skill level 12 in Evocations
 30031 | Tar:2    | Killed an ancient lich
 30031 | Tar:2    | Noticed a dread lich
 30031 | Tar:2    | Noticed an ancient lich
 30031 | Tar:2    | Noticed a dread lich
 30032 | Tar:2    | Reached skill level 11 in Shields
 30032 | Tar:2    | Killed an ancient lich
 30032 | Tar:2    | Killed a dread lich
 30033 | Tar:2    | Reached skill level 13 in Evocations
 30034 | Tar:2    | Killed a dread lich
 30035 | Tar:2    | Reached skill level 12 in Shields
 30107 | Tar:4    | Noticed an ancient lich
 30112 | Tar:4    | Reached skill level 13 in Shields
 30112 | Tar:4    | Reached skill level 14 in Evocations
 30112 | Tar:4    | Killed an ancient lich
 30150 | Tar:7    | Entered Level 7 of Tartarus
 30161 | Tar:7    | Reached skill level 14 in Shields
 30161 | Tar:7    | Reached skill level 15 in Evocations
 30215 | Tar:7    | Reached skill level 15 in Shields
 30217 | Tar:7    | Reached skill level 16 in Evocations
 30232 | Tar:7    | Identified the staff of cold "Totya" {rC+ Str+3 Int+2}
 30232 | Tar:7    | Found the brooch of Shielding {Spirit SH+8}
 30262 | Tar:7    | Noticed an ancient lich
 30263 | Tar:7    | Killed an ancient lich
 30266 | Tar:7    | Found the -2 hat of the Alchemist {rElec rPois rF+ rC+ rN+
                  | Will+ rMut rCorr}
 30299 | Tar:7    | Noticed a dread lich
 30299 | Tar:7    | Noticed an ancient lich
 30301 | Tar:7    | Killed an ancient lich
 30302 | Tar:7    | Reached skill level 16 in Shields
 30302 | Tar:7    | Reached skill level 17 in Evocations
 30303 | Tar:7    | Killed a dread lich
 30361 | Tar:7    | Reached skill level 17 in Shields
 30362 | Tar:7    | Reached skill level 18 in Evocations
 30365 | Tar:7    | Identified the +9 sling "Ysuesh" {elec, SInv}
 30366 | Tar:7    | Found the +18 shield of the Gong {Loud rN+ Will+ rCorr
                  | EV-5}
 30366 | Tar:7    | Identified the +3 mace of Courage {heavy, rN+ Int+2}
 30367 | Tar:7    | Reached skill level 19 in Evocations
 30384 | Tar:7    | Reached skill level 18 in Shields
 30389 | Tar:7    | Reached skill level 20 in Evocations
 30393 | Tar:7    | Found the +3 pair of mountain boots {steadfast, rC+}
 30494 | Tar:7    | Identified the Discursus on the Mantle and Translocation
 30658 | Tar:7    | Reached skill level 22 in Fire Magic
 30692 | Tar:7    | Noticed Ereshkigal
 30695 | Tar:7    | Killed Ereshkigal
 30696 | Tar:7    | Reached skill level 21 in Evocations
 30722 | Tar:7    | Got a bone rune of Zot
 30793 | Pan      | Entered Pandemonium
 30866 | Pan      | Reached skill level 19 in Shields
 30866 | Pan      | Noticed Woeri the pandemonium lord
 30868 | Pan      | Killed Woeri the pandemonium lord
 30891 | Pan      | Entered the realm of Lom Lobon.
 30891 | Pan      | Noticed Lom Lobon
 30896 | Pan      | Killed Lom Lobon
 30902 | Pan      | Got a magical rune of Zot
 30935 | Pan      | Found an exit through the horrors of the Abyss.
 30948 | Pan      | Noticed Suent the pandemonium lord
 30952 | Pan      | Reached skill level 8 in Armour
 30954 | Pan      | Killed Suent the pandemonium lord
 30967 | Pan      | Entered the realm of Cerebov.
 30997 | Pan      | Learned a level 9 spell: Death's Door
 31026 | Pan      | Identified the staff of poison "Vibbaok" {rElec rPois rC+
                  | Int+2}
 31093 | Pan      | Identified the +0 scale mail of Charmed Curiosity {rN+}
 31093 | Pan      | Identified Nataplep's Grimoire of Profane Rituals
 31102 | Pan      | Reached skill level 22 in Evocations
 31122 | Pan      | Reached skill level 9 in Armour
 31130 | Pan      | Identified the ring "Jexa" {rF+ rN+ Str+6 Dex+2}
 31130 | Pan      | Identified the Omnibus of Snowy Malevolent Mysteries
 31207 | Pan      | Identified the +1 sling of Premature Burial {freeze, rC-
                  | rCorr Dex+2}
 31224 | Pan      | Identified Selounuh's Quarto of Injury and Flesh
 31270 | Pan      | Found the +6 sword of Cerebov {flame}
 31270 | Pan      | Noticed Cerebov
 31280 | Pan      | Killed Cerebov
 31292 | Pan      | Identified the +5 hand axe of the Scorned {flame, Fragile
                  | rC+ Str+3 SInv}
 31307 | Pan      | Reached skill level 20 in Shields
 31323 | Pan      | Got a fiery rune of Zot
 31335 | Pan      | Reached skill level 10 in Armour
 31349 | Pan      | Found an exit through the horrors of the Abyss.
 31402 | Pan      | Identified the staff of earth "Boed Mots" {rC++ Will+}
 31404 | Pan      | Noticed Raky the pandemonium lord
 31407 | Pan      | Killed Raky the pandemonium lord
 31449 | Pan      | Entered the realm of Gloorx Vloq.
 31509 | Pan      | Noticed Gloorx Vloq
 31513 | Pan      | Reached skill level 11 in Armour
 31515 | Pan      | Killed Gloorx Vloq
 31520 | Pan      | Got a dark rune of Zot
 31553 | Depths:1 | Escaped Pandemonium
 31556 | Pan      | Entered the realm of Mnoleg.
 31556 | Pan      | Entered Pandemonium
 31666 | Pan      | Reached skill level 23 in Evocations
 31722 | Pan      | Reached skill level 12 in Armour
 31759 | Pan      | Noticed Mnoleg
 31765 | Pan      | Killed Mnoleg
 31766 | Pan      | Reached skill level 21 in Shields
 31791 | Pan      | Got a glowing rune of Zot
 31847 | Pan      | Noticed Puotimm the pandemonium lord
 31848 | Pan      | Killed Puotimm the pandemonium lord
 31848 | Pan      | Identified the +6 trident of the Riding Gods {heavy, Int+2
                  | SInv}
 31862 | Pan      | Acquired 594 gold pieces
 31942 | Pan      | Noticed Ukeifav the pandemonium lord
 31943 | Pan      | Reached skill level 13 in Armour
 31953 | Pan      | Killed Ukeifav the pandemonium lord
 31985 | Pan      | Found an exit through the horrors of the Abyss.
 32150 | Pan      | Noticed Xinoguhe the pandemonium lord
 32153 | Pan      | Killed Xinoguhe the pandemonium lord
 32154 | Pan      | Reached skill level 14 in Armour
 32154 | Pan      | Reached skill level 22 in Shields
 32156 | Pan      | Got a demonic rune of Zot
 32192 | Pan      | Found an exit through the horrors of the Abyss.
 32198 | Pan      | Took an exit into the Abyss.
 32198 | Abyss:3  | Escaped into the Abyss
 32201 | Abyss:3  | Found a corrupted altar of Lugonu.
 32204 | Depths:1 | Escaped the Abyss
 32408 | Zot:5    | Noticed a Killer Klown
 32410 | Zot:5    | Reached skill level 15 in Armour
 32411 | Zot:5    | Killed a Killer Klown
 32412 | Zot:5    | Noticed a Killer Klown
 32412 | Zot:5    | Noticed a curse toe
 32414 | Zot:5    | Killed a Killer Klown
 32417 | Zot:5    | Killed a curse toe
 32420 | Zot:5    | Got the Orb of Zot
 32421 | Zot:5    | Noticed an orb of fire
 32424 | Zot:5    | Reached skill level 23 in Shields
 32425 | Zot:5    | Killed an orb of fire
 32432 | Zot:5    | Reached skill level 16 in Armour
 32439 | Zot:5    | Noticed an orb of fire
 32447 | Zot:5    | Killed an orb of fire
 32448 | Zot:5    | Noticed a Killer Klown
 32449 | Zot:5    | Killed a Killer Klown
 32449 | Zot:5    | Killed a Killer Klown
 32451 | Zot:5    | Noticed an orb of fire
 32452 | Zot:5    | Noticed a dread lich
 32454 | Zot:5    | Killed an orb of fire
 32454 | Zot:5    | Noticed a dread lich
 32455 | Zot:5    | Noticed an orb of fire
 32455 | Zot:5    | Killed a dread lich
 32457 | Zot:5    | Killed a dread lich
 32458 | Zot:5    | Reached skill level 17 in Armour
 32460 | Zot:5    | Killed an orb of fire
 32463 | Zot:5    | Noticed a Killer Klown
 32467 | Zot:5    | Killed a Killer Klown
 32474 | Zot:5    | Noticed a dread lich
 32475 | Zot:5    | Reached skill level 24 in Shields
 32477 | Zot:5    | Killed a dread lich
 32483 | Zot:5    | Noticed a curse toe
 32486 | Zot:5    | Killed a curse toe
 32707 | D:3      | Noticed Boris
 32709 | D:3      | Killed Boris
 32710 | D:3      | Reached skill level 18 in Armour
 32735 | D:$      | Escaped with the Orb!

Illustrated notes

Levels and vault maps discovered:
D:1:      spicycebolla_green_bress_n_ham_2, layout_basic,
          hellmonk_ecumenical_altar_pennies_from_heaven
D:2:      layout_loops_cross, basic_altar
D:3:      layout_rooms, trog_three_pillars_becter, led_xom_imps,
          mainiacjoe_overflow_large_starburst
D:4:      layout_gridville, portal_sewer_entry_e
D:5:      layout_cave_pools, nicolae_kikubaaqudgha_miasma_corner, slow_altar_2,
          uniq_ijyb
D:6:      layout_loops_cross, nicolae_tso_besieged_by_evil,
          minmay_hollow_rounded_squares
D:7:      layout_basic, nicolae_ashenzari_skybound, makhleb_heckhound_becter,
          temple_hall_moat, serial_corexii_hall, corexii_hall_statues_x,
          corexii_hall_statues_x, hellmonk_guarded_unrand_frostbite,
          uniq_menkaure
D:8:      layout_rooms, dk_vineyard_1, uniq_psyche
D:9:      layout_irregular_city, lair_entry_dummy, serial_shops,
          kennysheep_little_box, uniq_gastronok, uniq_prince_ribbit1
D:10:     minmay_firetagon, layout_basic, serial_shops, nicolae_shop_drivethru,
          serial_bayou_pond_e
D:11:     layout_basic, orc_0_dummy
D:12:     nicolae_cairo_tiling, layout_cave_pools, serial_shops,
          nicolae_shop_rolled_up, minmay_fountain_box, drop_trap,
          minmay_misc_feat_plants, corexii_checkpoint_a, minivault_19,
          grunt_ministairs_12, kennysheep_cross_bottleneck
D:13:     layout_basic
D:14:     layout_loops_ring, skrybe_vaults_entry_preservation, kennysheep_boxes,
          wad_dig_loot
D:15:     grunt_enter_depths_magical_seal, layout_irregular_city, st_stairs_10,
          uniq_rupert
Lair:1:   layout_cave_shapes, grunt_megastairs_2, lemuel_fruit_tree
Lair:2:   layout_roguey, hellmonk_spider_entry_life_and_decay
Lair:3:   slaughterhouse, layout_hall_layers, skrybe_swamp_entry_bodies,
          nzn_masters_of_martial_movement
Lair:4:   layout_misc_corridors, minmay_slime_entry_oklob_open,
          serial_bayou_pond_a, grunt_megastairs_5
Lair:5:   cheibrodos_lair_end_hotspot, layout_gridlike
Swamp:1:  layout_basic_swamp, infiniplex_staircase_pool_2, uniq_frances
Swamp:2:  layout_basic_swamp, gammafunk_ghost_hydra_chop,
          nicolae_swamp_very_dense_foliage
Swamp:3:  gammafunk_sealed_arena, layout_basic_swamp,
          nicolae_swamp_tree_designs, swamp_pool3
Swamp:4:  swamp_vile, layout_basic_swamp, swamp_pool3,
          nicolae_swamp_fairy_circle
Spider:1: spiders_nest_scorpion_pit, uniq_kirke
Spider:2: layout_spider_delve, ebering_ghost_rock_garden, drop_trap
Spider:3: layout_spider_delve, nicolae_spider_nooks_and_crannies,
          hangedman_spider_tarantella_strand, uniq_arachne, uniq_asterion
Spider:4: spider_rune_water, uniq_mara
Slime:1:  cheibrodos_slime_lost_civilization_3, layout_caves
Slime:2:  layout_caves, cheibrodos_slime_lost_civilization_7
Slime:3:  layout_caves
Slime:4:  layout_caves, uniq_dissolution
Slime:5
Orc:1:    layout_diamond_mine, ebering_ghost_gozag
Orc:2:    st_orc_pillars, layout_caves, portal_ice_cave_rime
Elf:1:    eino_elf_arrival_altar, layout_loops_corners, serial_shops,
          nicolae_shop_pleasant_corner_grove, minivault_28
Elf:2:    elven_hall_of_blades_hangedman_original [nicolae_blade_lattice],
          layout_loops_corners, serial_shops, nicolae_take_the_stairs,
          lemuel_flamethrower_3
Elf:3:    elf_hall, layout_geoelf_grid, serial_shops, nicolae_square_shop,
          serial_glass, glass_columns_a, glass_columns_a, glass_columns_b,
          glass_columns_c, glass_columns_a, glass_columns_a, glass_columns_a,
          glass_columns_c, minmay_misc_feat_alley, dreamdust_princess_bridge
Vaults:1: vaults_mumra_hexcomb, nicolae_vaults_c_with_doors, v_pattern_1,
          hangedman_vaults_slither, v_rooms_4, ontoclasm_vaults_loading_screen,
          hangedman_vaults_river_flow, v_misc_26, vaults_room_semicircle,
          ontoclasm_vaults_twist, layout_vaults_ring
Vaults:2: vaults_room_pool, ontoclasm_vaults_ligature, v_misc_4,
          hangedman_vaults_nodes, v_misc_8, nicolae_vaults_puzzle_piece,
          hangedman_vaults_nails, nicolae_vaults_theta,
          nicolae_vaults_little_ls, v_misc_24, nicolae_vaults_specimen_jars,
          vaults_dpeg_ring, vaults_room_semicircle,
          nicolae_vaults_mini_display_case, layout_vaults_chaotic_city,
          uniq_margery
Vaults:3: v_alt_pattern_4, minmay_crypt_entry_necro_gods,
          nicolae_vaults_big_angled_halls, grunt_tower_of_power,
          vaults_dpeg_encased_lava, layout_vaults_omnibox, uniq_nikola
Vaults:4: v_rooms_4, v_misc_12, v_pattern_4, vaults_room_grunt_arrival_ludios,
          vaults_room_fancy_cross, ontoclasm_vaults_ring_small,
          nicolae_vaults_statue_guard, layout_vaults_quadrants
Vaults:5
Crypt:1:  cheibrodos_crypt_cold_storage, layout_basic
Crypt:2:  cheibrodos_crypt_down_in_the_bonehoard, layout_regular_city,
          weyrava_ghost_lake
Crypt:3:  david_glass_crypt, layout_misc_corridors, tomb_entry_forgotten_bobbens
Tomb:1
Tomb:2
Tomb:3:   uniq_boris
Depths:1: layout_twisted_cross, hangedman_decor_lopped, rand_demon_pan_entry_4,
          pf_vacation_house_of_asmodeus, abyss_entry,
          infiniplex_enter_wizlab_glasses, serial_sigils_hangedman_leer,
          lemuel_zombie_altar_yredelemnul
Depths:2: hangedman_hanging_gardens, layout_cave_pools, enter_ziggurat_a,
          grunt_hell_entry_dis_grunt, pan_entry, abyss_entry, uniq_vv
Depths:3: nicolae_whirlpool, layout_gridville, abyss_entry_flame_altar,
          pan_entry, nicolae_qazlal_eye_of_the_storm, hell_entry, uniq_mennas
Depths:4: grunt_zot_entry_bicorn, layout_basic, pf_hell_entry_tar_spiral,
          serial_shops, nicolae_shop_trees, serial_bayou_pond_c,
          dk_noncrumbling_2, roderic_roman_lattice, uniq_josephina
Hell
Dis:1:    layout_gridville
Dis:2:    layout_regular_city
Dis:3:    layout_subdivisions, nicolae_hells_fiendish_ambush
Dis:4:    layout_gridville
Dis:5:    layout_gridville
Dis:6:    layout_gridville, lemuel_dis_dragons
Dis:7:    dis_grunt_layers
Geh:1:    layout_gehenna_pools_basic
Geh:2:    layout_gehenna_lava_caves
Geh:3:    layout_gehenna_pools_basic
Geh:4:    layout_gehenna_lava_caves, nicolae_geh_lava_rosette
Geh:5:    nicolae_geh_realm_of_the_lava_sea
Geh:6:    layout_gehenna_pools_box
Geh:7:    evilmike_geh
Coc:1:    layout_ice_bergs
Coc:2:    layout_cocytus_delve
Coc:3:    layout_ice_bergs
Coc:4:    layout_cocytus_delve
Coc:5:    nicolae_hells_demon_pit, layout_ice_bergs
Coc:6:    layout_cocytus_water_paths
Coc:7:    coc_dpeg
Tar:1:    layout_grid_maze
Tar:2:    layout_grid_maze, nicolae_hells_leichenhalle
Tar:3:    layout_honeycomb
Tar:4:    layout_cathedral_of_symmetry
Tar:5:    layout_cathedral_of_symmetry
Tar:6:    layout_honeycomb
Tar:7:    tar_old
Zot:1:    layout_gridlike, grunt_megastairs_1
Zot:2:    layout_cathedral_of_symmetry, st_stairs_5
Zot:3:    layout_basic, st_stairs_4, grunt_megastairs_4, lemuel_elevator
Zot:4:    layout_gridlike, gammafunk_ghost_tricky_traps, grunt_ministairs_4
Zot:5:    layout_basic

Skill      XL: |  1  2  3  4  5  6  7  8  9 10 11 12 13 14 15 16 17 18 19 20 21 22 23 24 25 26 27 |
---------------+----------------------------------------------------------------------------------+-----
Spellcasting   | 2 3 4 7 10 13 15 17 19 20 21 22 23 27 | 27.0
Conjurations   | 1 7 24 | 24.9
Earth Magic    | 1 8 10 15 20 21 | 21.7
Ice Magic      | 1 3 5 7 9 10 12 14 15 17 19 20 21 | 21.8
Dodging        | 8 11 16 19 21 23 25 | 25.2
Fighting       | 4 8 11 13 23 | 23.8
Armour         | 7 18 | 18.0
Shields        | 5 8 24 | 24.3
Staves         | 9 |  9.5
Fire Magic     | 22 | 22.4
Throwing       | 23 | 23.8
Necromancy     | 23 | 23.8
Transmutations | 11 | 11.9
Air Magic      | 21 | 21.7
Translocations | 21 | 21.7
Evocations     | 23 | 23.8
Ranged Weapons | |  2.1
Hexes          | |  3.6

Action                     |  1- 3 |  4- 6 |  7- 9 | 10-12 | 13-15 | 16-18 | 19-21 | 22-24 | 25-27 || total
---------------------------+-------+-------+-------+-------+-------+-------+-------+-------+-------++-------
  Melee: Great mace        |       |       |       |       |     6 |       |       |       |       ||     6
         Staff             |       |       |       |       |       |     6 |       |     1 |    61 ||    68
   Fire: Sling             |    56 |   216 |   341 |    64 |       |       |       |       |       ||   677
  Throw: Dart              |       |       |     2 |     4 |       |       |       |       |       ||     6
         Throwing net      |       |       |       |       |     1 |       |       |       |       ||     1
         Javelin           |       |       |       |       |       |       |       |       |    17 ||    17
   Cast: Ozocubu's Armour  |       |     9 |    34 |    11 |     2 |     1 |     4 |     2 |       ||    63
         Passwall          |       |       |    20 |    64 |    88 |    51 |    41 |    19 |   112 ||   395
         Stone Arrow       |       |       |    33 |    57 |     9 |     7 |    10 |     7 |       ||   123
         Mephitic Cloud    |       |       |       |     4 |       |       |       |       |       ||     4
         Ozocubu's Refrige |       |       |       |    57 |   124 |   299 |   292 |   172 |   593 ||  1537
         Polar Vortex      |       |       |       |       |     5 |    15 |    27 |    30 |   158 ||   235
         Ice Form          |       |       |       |       |       |       |     2 |       |       ||     2
         Apportation       |       |       |       |       |       |       |       |       |   395 ||   395
         Iron Shot         |       |       |       |       |       |       |       |       |    79 ||    79
         Shatter           |       |       |       |       |       |       |       |       |   575 ||   575
         Chain Lightning   |       |       |       |       |       |       |       |       |   192 ||   192
         Lehudib's Crystal |       |       |       |       |       |       |       |       |   152 ||   152
         Ignition          |       |       |       |       |       |       |       |       |   132 ||   132
         Necromutation     |       |       |       |       |       |       |       |       |   113 ||   113
         Sublimation of Bl |       |       |       |       |       |       |       |       |    93 ||    93
         Passage of Golubr |       |       |       |       |       |       |       |       |    37 ||    37
         Fire Storm        |       |       |       |       |       |       |       |       |    31 ||    31
 Invoke: Curse Item        |       |     2 |     4 |     3 |     2 |     3 |     3 |     1 |     6 ||    24
         Shatter the Chain |       |       |     1 |     3 |       |     1 |     2 |     1 |     6 ||    14
Ability: End Transformatio |       |       |       |       |       |       |     2 |       |    19 ||    21
  Evoke: Wand              |       |       |     5 |    16 |     2 |     7 |     4 |     1 |    23 ||    58
         Box of beasts     |       |       |       |     1 |       |       |       |       |       ||     1
    Use: Scroll            |     5 |     3 |     4 |     3 |     1 |     3 |     3 |     2 |    63 ||    87
         Potion            |       |       |     2 |     1 |       |       |     2 |     1 |    58 ||    64
 Armour: Robe              |     6 |    32 |   112 |    41 |    14 |    30 |    17 |     1 |   187 ||   440
         Skin              |       |       |     2 |       |       |       |       |       |       ||     2
         Troll leather arm |       |       |       |       |       |       |       |    32 |     6 ||    38
  Dodge: Dodged            |    15 |    56 |   126 |    33 |    22 |    72 |    70 |   225 |  1050 ||  1669
  Block: Buckler           |       |       |    50 |    15 |    12 |    33 |    23 |    66 |   393 ||   592

Table legend: (Time is in decaauts)
 A = Elapsed time spent in this place.
 B = Non-inter-level travel time spent in this place.
 C = Inter-level travel time spent in this place.
 D = Time resting spent in this place.
 E = Time spent auto-exploring this place.
 F = Levels seen in this place.
 G = Mean time per level.
                   A        B        C        D        E       F      G
               +--------+--------+--------+--------+--------+-----+--------+
         Total |  35320 |  32767 |   2553 |    167 |      0 | 140 |  252.3 |
       Dungeon |   8574 |   7715 |    859 |     28 |      0 |  15 |  571.6 |
          Lair |   2619 |   2026 |    593 |      0 |      0 |   5 |  523.8 |
         Swamp |   1941 |   1781 |    160 |      0 |      0 |   4 |  485.2 |
   Spider Nest |   1835 |   1721 |    114 |      0 |      0 |   4 |  458.8 |
    Slime Pits |    468 |    448 |     20 |     13 |      0 |   5 |   93.6 |
  Orcish Mines |    898 |    675 |    223 |      0 |      0 |   2 |  449.0 |
   Elven Halls |   1789 |   1785 |      4 |      4 |      0 |   3 |  596.3 |
        Vaults |   3088 |   2789 |    299 |      2 |      0 |   5 |  617.6 |
         Crypt |    455 |    455 |      0 |      0 |      0 |   3 |  151.7 |
          Tomb |    686 |    686 |      0 |      0 |      0 |   3 |  228.7 |
        Depths |   1972 |   1821 |    151 |      0 |      0 |   4 |  493.0 |
          Hell |    314 |    314 |      0 |      0 |      0 |   1 |  314.0 |
           Dis |    792 |    709 |     83 |      0 |      0 |   7 |  113.1 |
       Gehenna |   1538 |   1538 |      0 |      0 |      0 |   7 |  219.7 |
       Cocytus |    666 |    666 |      0 |      0 |      0 |   7 |   95.1 |
      Tartarus |    833 |    833 |      0 |      0 |      0 |   7 |  119.0 |
           Zot |   2069 |   2026 |     43 |      3 |      0 |   5 |  413.8 |
         Abyss |    399 |    399 |      0 |      0 |      0 |   4 |   99.8 |
   Pandemonium |   1481 |   1481 |      0 |      0 |      0 |  19 |   77.9 |
      Ziggurat |   1841 |   1841 |      0 |    117 |      0 |  27 |   68.2 |
         Sewer |    378 |    378 |      0 |      0 |      0 |   1 |  378.0 |
      Ice Cave |    364 |    364 |      0 |      0 |      0 |   1 |  364.0 |
        Wizlab |    311 |    311 |      0 |      0 |      0 |   1 |  311.0 |
               +--------+--------+--------+--------+--------+-----+--------+

Top non-repeatable levels by time:
   Geh:7: 1167 daAuts
Vaults:2: 1007 daAuts
     D:7: 822 daAuts
     D:6: 821 daAuts
   Elf:3: 775 daAuts
    D:10: 749 daAuts
    D:14: 736 daAuts
Vaults:1: 708 daAuts
     D:9: 697 daAuts
 Swamp:4: 671 daAuts
  Lair:5: 669 daAuts
   Zot:4: 639 daAuts
   Tar:7: 631 daAuts
   Dis:7: 628 daAuts
Depths:4: 626 daAuts

Table legend: (Time is in decaauts)
 A = Elapsed time spent in this place.
 B = Non-inter-level travel time spent in this place.
 C = Inter-level travel time spent in this place.
 D = Time resting spent in this place.
 E = Time spent auto-exploring this place.
 F = Levels seen in this place.
 G = Mean time per level.
                   A        B        C        D        E       F      G
               +--------+--------+--------+--------+--------+-----+--------+
         Total |  35320 |  32767 |   2553 |    167 |      0 | 140 |  252.3 |
       Dungeon |   8574 |   7715 |    859 |     28 |      0 |  15 |  571.6 |
          Lair |   2619 |   2026 |    593 |      0 |      0 |   5 |  523.8 |
         Swamp |   1941 |   1781 |    160 |      0 |      0 |   4 |  485.2 |
   Spider Nest |   1835 |   1721 |    114 |      0 |      0 |   4 |  458.8 |
    Slime Pits |    468 |    448 |     20 |     13 |      0 |   5 |   93.6 |
  Orcish Mines |    898 |    675 |    223 |      0 |      0 |   2 |  449.0 |
   Elven Halls |   1789 |   1785 |      4 |      4 |      0 |   3 |  596.3 |
        Vaults |   3088 |   2789 |    299 |      2 |      0 |   5 |  617.6 |
         Crypt |    455 |    455 |      0 |      0 |      0 |   3 |  151.7 |
          Tomb |    686 |    686 |      0 |      0 |      0 |   3 |  228.7 |
        Depths |   1972 |   1821 |    151 |      0 |      0 |   4 |  493.0 |
          Hell |    314 |    314 |      0 |      0 |      0 |   1 |  314.0 |
           Dis |    792 |    709 |     83 |      0 |      0 |   7 |  113.1 |
       Gehenna |   1538 |   1538 |      0 |      0 |      0 |   7 |  219.7 |
       Cocytus |    666 |    666 |      0 |      0 |      0 |   7 |   95.1 |
      Tartarus |    833 |    833 |      0 |      0 |      0 |   7 |  119.0 |
           Zot |   2069 |   2026 |     43 |      3 |      0 |   5 |  413.8 |
         Abyss |    399 |    399 |      0 |      0 |      0 |   4 |   99.8 |
   Pandemonium |   1481 |   1481 |      0 |      0 |      0 |  19 |   77.9 |
      Ziggurat |   1841 |   1841 |      0 |    117 |      0 |  27 |   68.2 |
         Sewer |    378 |    378 |      0 |      0 |      0 |   1 |  378.0 |
      Ice Cave |    364 |    364 |      0 |      0 |      0 |   1 |  364.0 |
        Wizlab |    311 |    311 |      0 |      0 |      0 |   1 |  311.0 |
               +--------+--------+--------+--------+--------+-----+--------+

Top non-repeatable levels by time:
   Geh:7: 1167 daAuts
Vaults:2: 1007 daAuts
     D:7: 822 daAuts
     D:6: 821 daAuts
   Elf:3: 775 daAuts
    D:10: 749 daAuts
    D:14: 736 daAuts
Vaults:1: 708 daAuts
     D:9: 697 daAuts
 Swamp:4: 671 daAuts
  Lair:5: 669 daAuts
   Zot:4: 639 daAuts
   Tar:7: 631 daAuts
   Dis:7: 628 daAuts
Depths:4: 626 daAuts

Table legend:
 A = Kills in this place as a percentage of kills in the entire game.
 B = Kills by you in this place as a percentage of kills by you in the entire game.
 C = Kills by friends in this place as a percentage of kills by friends in the entire game.
 D = Other kills in this place as a percentage of other kills in the entire game.
 E = Experience gained in this place as a percentage of experience gained in the entire game.
 F = Experience gained in this place divided by the number of levels of this place that you have seen.
                   A       B       C       D       E      F
               +-------+-------+-------+-------+-------+----------------------
         Total | 100.0 | 100.0 | 100.0 | 100.0 | 100.0 | 25863.7
       Dungeon |   8.8 |   8.7 |  33.3 |  23.1 |   2.4 | 5756.5
          Lair |   3.6 |   3.6 |   0.0 |   0.0 |   1.5 | 10681.6
         Swamp |   3.4 |   3.4 |   0.0 |   7.7 |   2.5 | 22935.8
   Spider Nest |   4.3 |   4.3 |   0.0 |   0.0 |   2.4 | 21830.0
    Slime Pits |   1.8 |   1.8 |   0.0 |   0.0 |   1.7 | 12114.2
  Orcish Mines |   3.4 |   3.4 |   0.0 |   0.0 |   0.6 | 11716.0
   Elven Halls |   3.6 |   3.6 |   0.0 |   7.7 |   3.3 | 40291.3
        Vaults |   7.1 |   7.1 |   0.0 |   7.7 |   7.7 | 56056.4
         Crypt |   2.5 |   2.5 |   0.0 |   0.0 |   2.5 | 30032.3
          Tomb |   5.4 |   5.4 |   0.0 |   0.0 |   5.7 | 69182.7
        Depths |   4.5 |   4.4 |   0.0 |  15.4 |   5.3 | 47988.8
          Hell |   1.7 |   1.7 |   0.0 |   0.0 |   1.4 | 50959.0
           Dis |   3.5 |   3.5 |   0.0 |   0.0 |   7.2 | 37065.0
       Gehenna |   3.3 |   3.3 |   0.0 |   7.7 |   5.2 | 26745.9
       Cocytus |   4.0 |   4.0 |   0.0 |   0.0 |   5.0 | 25901.4
      Tartarus |   2.8 |   2.8 |   0.0 |   0.0 |   5.8 | 29837.1
           Zot |   4.0 |   4.0 |   0.0 |   0.0 |   7.8 | 56758.4
         Abyss |   1.4 |   1.4 |   0.0 |   0.0 |   1.0 | 8693.5
   Pandemonium |   7.0 |   7.0 |   0.0 |   7.7 |   7.4 | 14090.9
      Ziggurat |  21.5 |  21.4 |  66.7 |  23.1 |  22.4 | 30037.2
         Sewer |   0.9 |   0.9 |   0.0 |   0.0 |   0.0 | 249.0
      Ice Cave |   0.8 |   0.8 |   0.0 |   0.0 |   0.4 | 13252.0
        Wizlab |   0.9 |   0.9 |   0.0 |   0.0 |   0.8 | 28731.0
               +-------+-------+-------+-------+-------+----------------------

Levels and vault maps discovered:
D:1:      spicycebolla_green_bress_n_ham_2, layout_basic,
          hellmonk_ecumenical_altar_pennies_from_heaven
D:2:      layout_loops_cross, basic_altar
D:3:      layout_rooms, trog_three_pillars_becter, led_xom_imps,
          mainiacjoe_overflow_large_starburst
D:4:      layout_gridville, portal_sewer_entry_e
D:5:      layout_cave_pools, nicolae_kikubaaqudgha_miasma_corner, slow_altar_2,
          uniq_ijyb
D:6:      layout_loops_cross, nicolae_tso_besieged_by_evil,
          minmay_hollow_rounded_squares
D:7:      layout_basic, nicolae_ashenzari_skybound, makhleb_heckhound_becter,
          temple_hall_moat, serial_corexii_hall, corexii_hall_statues_x,
          corexii_hall_statues_x, hellmonk_guarded_unrand_frostbite,
          uniq_menkaure
D:8:      layout_rooms, dk_vineyard_1, uniq_psyche
D:9:      layout_irregular_city, lair_entry_dummy, serial_shops,
          kennysheep_little_box, uniq_gastronok, uniq_prince_ribbit1
D:10:     minmay_firetagon, layout_basic, serial_shops, nicolae_shop_drivethru,
          serial_bayou_pond_e
D:11:     layout_basic, orc_0_dummy
D:12:     nicolae_cairo_tiling, layout_cave_pools, serial_shops,
          nicolae_shop_rolled_up, minmay_fountain_box, drop_trap,
          minmay_misc_feat_plants, corexii_checkpoint_a, minivault_19,
          grunt_ministairs_12, kennysheep_cross_bottleneck
D:13:     layout_basic
D:14:     layout_loops_ring, skrybe_vaults_entry_preservation, kennysheep_boxes,
          wad_dig_loot
D:15:     grunt_enter_depths_magical_seal, layout_irregular_city, st_stairs_10,
          uniq_rupert
Lair:1:   layout_cave_shapes, grunt_megastairs_2, lemuel_fruit_tree
Lair:2:   layout_roguey, hellmonk_spider_entry_life_and_decay
Lair:3:   slaughterhouse, layout_hall_layers, skrybe_swamp_entry_bodies,
          nzn_masters_of_martial_movement
Lair:4:   layout_misc_corridors, minmay_slime_entry_oklob_open,
          serial_bayou_pond_a, grunt_megastairs_5
Lair:5:   cheibrodos_lair_end_hotspot, layout_gridlike
Swamp:1:  layout_basic_swamp, infiniplex_staircase_pool_2, uniq_frances
Swamp:2:  layout_basic_swamp, gammafunk_ghost_hydra_chop,
          nicolae_swamp_very_dense_foliage
Swamp:3:  gammafunk_sealed_arena, layout_basic_swamp,
          nicolae_swamp_tree_designs, swamp_pool3
Swamp:4:  swamp_vile, layout_basic_swamp, swamp_pool3,
          nicolae_swamp_fairy_circle
Spider:1: spiders_nest_scorpion_pit, uniq_kirke
Spider:2: layout_spider_delve, ebering_ghost_rock_garden, drop_trap
Spider:3: layout_spider_delve, nicolae_spider_nooks_and_crannies,
          hangedman_spider_tarantella_strand, uniq_arachne, uniq_asterion
Spider:4: spider_rune_water, uniq_mara
Slime:1:  cheibrodos_slime_lost_civilization_3, layout_caves
Slime:2:  layout_caves, cheibrodos_slime_lost_civilization_7
Slime:3:  layout_caves
Slime:4:  layout_caves, uniq_dissolution
Slime:5
Orc:1:    layout_diamond_mine, ebering_ghost_gozag
Orc:2:    st_orc_pillars, layout_caves, portal_ice_cave_rime
Elf:1:    eino_elf_arrival_altar, layout_loops_corners, serial_shops,
          nicolae_shop_pleasant_corner_grove, minivault_28
Elf:2:    elven_hall_of_blades_hangedman_original [nicolae_blade_lattice],
          layout_loops_corners, serial_shops, nicolae_take_the_stairs,
          lemuel_flamethrower_3
Elf:3:    elf_hall, layout_geoelf_grid, serial_shops, nicolae_square_shop,
          serial_glass, glass_columns_a, glass_columns_a, glass_columns_b,
          glass_columns_c, glass_columns_a, glass_columns_a, glass_columns_a,
          glass_columns_c, minmay_misc_feat_alley, dreamdust_princess_bridge
Vaults:1: vaults_mumra_hexcomb, nicolae_vaults_c_with_doors, v_pattern_1,
          hangedman_vaults_slither, v_rooms_4, ontoclasm_vaults_loading_screen,
          hangedman_vaults_river_flow, v_misc_26, vaults_room_semicircle,
          ontoclasm_vaults_twist, layout_vaults_ring
Vaults:2: vaults_room_pool, ontoclasm_vaults_ligature, v_misc_4,
          hangedman_vaults_nodes, v_misc_8, nicolae_vaults_puzzle_piece,
          hangedman_vaults_nails, nicolae_vaults_theta,
          nicolae_vaults_little_ls, v_misc_24, nicolae_vaults_specimen_jars,
          vaults_dpeg_ring, vaults_room_semicircle,
          nicolae_vaults_mini_display_case, layout_vaults_chaotic_city,
          uniq_margery
Vaults:3: v_alt_pattern_4, minmay_crypt_entry_necro_gods,
          nicolae_vaults_big_angled_halls, grunt_tower_of_power,
          vaults_dpeg_encased_lava, layout_vaults_omnibox, uniq_nikola
Vaults:4: v_rooms_4, v_misc_12, v_pattern_4, vaults_room_grunt_arrival_ludios,
          vaults_room_fancy_cross, ontoclasm_vaults_ring_small,
          nicolae_vaults_statue_guard, layout_vaults_quadrants
Vaults:5
Crypt:1:  cheibrodos_crypt_cold_storage, layout_basic
Crypt:2:  cheibrodos_crypt_down_in_the_bonehoard, layout_regular_city,
          weyrava_ghost_lake
Crypt:3:  david_glass_crypt, layout_misc_corridors, tomb_entry_forgotten_bobbens
Tomb:1
Tomb:2
Tomb:3:   uniq_boris
Depths:1: layout_twisted_cross, hangedman_decor_lopped, rand_demon_pan_entry_4,
          pf_vacation_house_of_asmodeus, abyss_entry,
          infiniplex_enter_wizlab_glasses, serial_sigils_hangedman_leer,
          lemuel_zombie_altar_yredelemnul
Depths:2: hangedman_hanging_gardens, layout_cave_pools, enter_ziggurat_a,
          grunt_hell_entry_dis_grunt, pan_entry, abyss_entry, uniq_vv
Depths:3: nicolae_whirlpool, layout_gridville, abyss_entry_flame_altar,
          pan_entry, nicolae_qazlal_eye_of_the_storm, hell_entry, uniq_mennas
Depths:4: grunt_zot_entry_bicorn, layout_basic, pf_hell_entry_tar_spiral,
          serial_shops, nicolae_shop_trees, serial_bayou_pond_c,
          dk_noncrumbling_2, roderic_roman_lattice, uniq_josephina
Hell
Dis:1:    layout_gridville
Dis:2:    layout_regular_city
Dis:3:    layout_subdivisions, nicolae_hells_fiendish_ambush
Dis:4:    layout_gridville
Dis:5:    layout_gridville
Dis:6:    layout_gridville, lemuel_dis_dragons
Dis:7:    dis_grunt_layers
Geh:1:    layout_gehenna_pools_basic
Geh:2:    layout_gehenna_lava_caves
Geh:3:    layout_gehenna_pools_basic
Geh:4:    layout_gehenna_lava_caves, nicolae_geh_lava_rosette
Geh:5:    nicolae_geh_realm_of_the_lava_sea
Geh:6:    layout_gehenna_pools_box
Geh:7:    evilmike_geh
Coc:1:    layout_ice_bergs
Coc:2:    layout_cocytus_delve
Coc:3:    layout_ice_bergs
Coc:4:    layout_cocytus_delve
Coc:5:    nicolae_hells_demon_pit, layout_ice_bergs
Coc:6:    layout_cocytus_water_paths
Coc:7:    coc_dpeg
Tar:1:    layout_grid_maze
Tar:2:    layout_grid_maze, nicolae_hells_leichenhalle
Tar:3:    layout_honeycomb
Tar:4:    layout_cathedral_of_symmetry
Tar:5:    layout_cathedral_of_symmetry
Tar:6:    layout_honeycomb
Tar:7:    tar_old
Zot:1:    layout_gridlike, grunt_megastairs_1
Zot:2:    layout_cathedral_of_symmetry, st_stairs_5
Zot:3:    layout_basic, st_stairs_4, grunt_megastairs_4, lemuel_elevator
Zot:4:    layout_gridlike, gammafunk_ghost_tricky_traps, grunt_ministairs_4
Zot:5:    layout_basic
